Workbook
Name Cancela: #REF!,#REF!
Name fdsafs: #REF!,#REF!
Name fdsf: #REF!
Name Ganhos_e_perdas_de_receita: #REF!
Name Ganhos_e_Perdas_de_Receita_99: #REF!
Name Plan: #REF!
Name Planilha: #REF!
Name Planilha_1: #REF!,#REF!
Name Planilha_1ÁreaTotal: #REF!,#REF!
Name Planilha_1ÁreaTotal: #REF!,#REF!
Name Planilha_1ÁreaTotal: 'RREO-Anexo 07'!#REF!,'RREO-Anexo 07'!$H$19:$L$29
Name Planilha_1ÁreaTotal: #REF!,#REF!
Name Planilha_1ÁreaTotal: #REF!,#REF!
Name Planilha_1ÁreaTotal: #REF!,#REF!
Name Planilha_1ÁreaTotal: #REF!,#REF!
Name Planilha_1ÁreaTotal: #REF!,#REF!
Name Planilha_1CabGráfico: #REF!
Name Planilha_1CabGráfico: #REF!
Name Planilha_1CabGráfico: 'RREO-Anexo 07'!#REF!
Name Planilha_1CabGráfico: #REF!
Name Planilha_1CabGráfico: #REF!
Name Planilha_1CabGráfico: #REF!
Name Planilha_1CabGráfico: #REF!
Name Planilha_1CabGráfico: #REF!
Name Planilha_1TítCols: #REF!,#REF!
Name Planilha_1TítCols: #REF!,#REF!
Name Planilha_1TítCols: 'RREO-Anexo 07'!#REF!,'RREO-Anexo 07'!#REF!
Name Planilha_1TítCols: #REF!,#REF!
Name Planilha_1TítCols: #REF!,#REF!
Name Planilha_1TítCols: #REF!,#REF!
Name Planilha_1TítCols: #REF!,#REF!
Name Planilha_1TítCols: #REF!,#REF!
Name Planilha_1TítLins: #REF!
Name Planilha_1TítLins: #REF!
Name Planilha_1TítLins: 'RREO-Anexo 07'!#REF!
Name Planilha_1TítLins: #REF!
Name Planilha_1TítLins: #REF!
Name Planilha_1TítLins: #REF!
Name Planilha_1TítLins: #REF!
Name Planilha_1TítLins: #REF!
Name Planilha_2ÁreaTotal: #REF!,#REF!
Name Planilha_2ÁreaTotal: #REF!,#REF!
Name Planilha_2ÁreaTotal: #REF!,#REF!
Name Planilha_2ÁreaTotal: #REF!,#REF!
Name Planilha_2ÁreaTotal: #REF!,#REF!
Name Planilha_2ÁreaTotal: #REF!,#REF!
Name Planilha_2CabGráfico: #REF!
Name Planilha_2CabGráfico: #REF!
Name Planilha_2CabGráfico: #REF!
Name Planilha_2CabGráfico: #REF!
Name Planilha_2CabGráfico: #REF!
Name Planilha_2TítCols: #REF!,#REF!
Name Planilha_2TítCols: #REF!,#REF!
Name Planilha_2TítCols: #REF!,#REF!
Name Planilha_2TítCols: #REF!,#REF!
Name Planilha_2TítCols: #REF!,#REF!
Name Planilha_2TítCols: #REF!,#REF!
Name Planilha_2TítLins: #REF!
Name Planilha_2TítLins: #REF!
Name Planilha_2TítLins: #REF!

Sheet RREO-Anexo 01
A2: PREFEITURA MUNICIPAL DE INDAIATUBA
A3: Av. Eng. Fabio R. Barnabe, 2800 - Jd. Esplanada II
A4: C.N.P.J. 44.733.608/0001-09
A5: Telefone: (19) 3834-9000
A6: Tabela 1 - Balanço Orçamentário
A8: PREFEITURA MUNICIPAL DE INDAIATUBA
A9: RELATÓRIO RESUMIDO DA EXECUÇÃO ORÇAMENTÁRIA
A10: BALANÇO ORÇAMENTÁRIO
A11: ORÇAMENTOS FISCAL E DA SEGURIDADE SOCIAL
A12: EXERCÍCIO: 2021
A13: Período: 4º Bimestre | B13: =IF(IFERROR(SEARCH("SEMESTRE",A13,1),0)>0,"Semestre",IF(IFERROR(SEARCH("QUADRIMESTRE",A13,1),0)>0,"Quadrimestre",IF(IFERROR(SEARCH("TRIMESTRE",A13,1),0)>0,"Trimestre",IF(IFERROR(SEARCH("BIMESTRE",A13,1),0)>0,"Bimestre","Mês")))) -> Bimestre
A18: RREO - Anexo 1 (LRF, Art. 52, inciso I, alíneas "a" e "b" do inciso II e §1º) | H18: Em Reais
B19: PREVISÃO INICIAL | C19: PREVISÃO ATUALIZADA | D19: RECEITAS REALIZADAS | H19: SALDO
A20: RECEITAS | C20: ATUALIZADA | D20: =CONCATENATE("No ", B13) -> No Bimestre | E20: % | F20: =CONCATENATE("Até o ", B13) -> Até o Bimestre | G20: %
C21: (a) | D21: (b) | E21: (b/a) | F21: (c) | G21: (c/a) | H21: (a-c)
A22: RECEITAS (EXCETO INTRA-ORÇAMENTÁRIAS) (I) | B22: =B23+B63 -> 1092641500 | C22: =C23+C63 -> 1.2072551e+09 | D22: =D23+D63 -> 2.3496439e+08 | E22: =IF(C22>0,D22/C22,0)*100 -> 19.462696 | F22: =F23+F63 -> 9.3509339e+08 | G22: =IF(C22>0,F22/C22,0)*100 -> 77.456157 | H22: =C22-F22 -> 2.7216169e+08
A23: RECEITAS CORRENTES | B23: =B24+B28+B33+B41+B42+B43+B49+B58 -> 1090550500 | C23: =C24+C28+C33+C41+C42+C43+C49+C58 -> 1.2019835e+09 | D23: =D24+D28+D33+D41+D42+D43+D49+D58 -> 2.3439585e+08 | E23: =IF(C23>0,D23/C23,0)*100 -> 19.500755 | F23: =F24+F28+F33+F41+F42+F43+F49+F58 -> 9.3189701e+08 | G23: =IF(C23>0,F23/C23,0)*100 -> 77.529936 | H23: =C23-F23 -> 2.7008646e+08
A24: IMPOSTOS, TAXAS E CONTRIBUIÇÕES DE MELHORIA | B24: =SUM(B25:B27) -> 320597000 | C24: =SUM(C25:C27) -> 351012000 | D24: =SUM(D25:D27) -> 72420531 | E24: =IF(C24>0,D24/C24,0)*100 -> 20.631925 | F24: =SUM(F25:F27) -> 2.9646081e+08 | G24: =IF(C24>0,F24/C24,0)*100 -> 84.458882 | H24: =C24-F24 -> 54551190
A25: Impostos | B25: 286915000 | C25: 317330000 | D25: 66068013 | E25: =IF(C25>0,D25/C25,0)*100 -> 20.819971 | F25: 2.6389218e+08 | G25: =IF(C25>0,F25/C25,0)*100 -> 83.160174 | H25: =C25-F25 -> 53437821
A26: Taxas | B26: 33492000 | C26: 33492000 | D26: 6139187.5 | E26: =IF(C26>0,D26/C26,0)*100 -> 18.33031 | F26: 32168881 | G26: =IF(C26>0,F26/C26,0)*100 -> 96.049447 | H26: =C26-F26 -> 1323119.1
A27: Contribuição de Melhoria | B27: 190000 | C27: 190000 | D27: 213330.79 | E27: =IF(C27>0,D27/C27,0)*100 -> 112.27936 | F27: 399749.99 | G27: =IF(C27>0,F27/C27,0)*100 -> 210.39473 | H27: =C27-F27 -> -209749.99
A28: CONTRIBUIÇÕES | B28: =SUM(B29:B32) -> 72723300 | C28: =SUM(C29:C32) -> 72723300 | D28: =SUM(D29:D32) -> 11113890 | E28: =IF(C28>0,D28/C28,0)*100 -> 15.282433 | F28: =SUM(F29:F32) -> 42161274 | G28: =IF(C28>0,F28/C28,0)*100 -> 57.974919 | H28: =C28-F28 -> 30562026
A29: Contribuições Sociais | B29: 46855300 | C29: 46855300 | D29: 6546307.8 | E29: =IF(C29>0,D29/C29,0)*100 -> 13.971328 | F29: 23645968 | G29: =IF(C29>0,F29/C29,0)*100 -> 50.465941 | H29: =C29-F29 -> 23209332
A30: Contribuições Econômicas | E30: =IF(C30>0,D30/C30,0)*100 -> 0 | G30: =IF(C30>0,F30/C30,0)*100 -> 0 | H30: =C30-F30 -> 0
A31: Contribuições para Entidades Privadas de Serviço Social └ e de Formação Profissional | E31: =IF(C31>0,D31/C31,0)*100 -> 0 | G31: =IF(C31>0,F31/C31,0)*100 -> 0 | H31: =C31-F31 -> 0
A32: Contribuição para o Custeio do Serviço de Iluminação └ Pública | B32: 25868000 | C32: 25868000 | D32: 4567582 | E32: =IF(C32>0,D32/C32,0)*100 -> 17.657268 | F32: 18515306 | G32: =IF(C32>0,F32/C32,0)*100 -> 71.576102 | H32: =C32-F32 -> 7352693.9
A33: RECEITA PATRIMONIAL | B33: =SUM(B34:B40) -> 19363000 | C33: =SUM(C34:C40) -> 19372000 | D33: =SUM(D34:D40) -> 8994986.4 | E33: =IF(C33>0,D33/C33,0)*100 -> 46.432925 | F33: =SUM(F34:F40) -> 29257954 | G33: =IF(C33>0,F33/C33,0)*100 -> 151.03218 | H33: =C33-F33 -> -9885954.1
A34: Exploração do Patrimônio Imobiliário do Estado | B34: 537000 | C34: 537000 | D34: 237594.13 | E34: =IF(C34>0,D34/C34,0)*100 -> 44.244717 | F34: 387005.35 | G34: =IF(C34>0,F34/C34,0)*100 -> 72.068035 | H34: =C34-F34 -> 149994.65
A35: Valores Mobiliários | B35: 18218000 | C35: 18227000 | D35: 8592548.7 | E35: =IF(C35>0,D35/C35,0)*100 -> 47.14187 | F35: 28222259 | G35: =IF(C35>0,F35/C35,0)*100 -> 154.83765 | H35: =C35-F35 -> -9995258.8
A36: Delegação de Serviços Públicos Mediante Concessão, └ Permissão, Autorização ou Licença | B36: 500000 | C36: 500000 | D36: 147809.38 | E36: =IF(C36>0,D36/C36,0)*100 -> 29.561876 | F36: 575902.24 | G36: =IF(C36>0,F36/C36,0)*100 -> 115.18045 | H36: =C36-F36 -> -75902.24
A37: Exploração de Recursos Naturais | E37: =IF(C37>0,D37/C37,0)*100 -> 0 | G37: =IF(C37>0,F37/C37,0)*100 -> 0 | H37: =C37-F37 -> 0
A38: Exploração do Patrimônio Intangível | E38: =IF(C38>0,D38/C38,0)*100 -> 0 | G38: =IF(C38>0,F38/C38,0)*100 -> 0 | H38: =C38-F38 -> 0
A39: Cessão de Direitos | B39: 108000 | C39: 108000 | D39: 17034.15 | E39: =IF(C39>0,D39/C39,0)*100 -> 15.772361 | F39: 72787.69 | G39: =IF(C39>0,F39/C39,0)*100 -> 67.396009 | H39: =C39-F39 -> 35212.31
A40: Demais Receitas Patrimoniais | E40: =IF(C40>0,D40/C40,0)*100 -> 0 | G40: =IF(C40>0,F40/C40,0)*100 -> 0 | H40: =C40-F40 -> 0
A41: RECEITA AGROPECUÁRIA | E41: =IF(C41>0,D41/C41,0)*100 -> 0 | G41: =IF(C41>0,F41/C41,0)*100 -> 0 | H41: =C41-F41 -> 0
A42: RECEITA INDUSTRIAL | E42: =IF(C42>0,D42/C42,0)*100 -> 0 | G42: =IF(C42>0,F42/C42,0)*100 -> 0 | H42: =C42-F42 -> 0
A43: RECEITA DE SERVIÇOS | B43: =SUM(B44:B48) -> 126233000 | C43: =SUM(C44:C48) -> 1.2936e+08 | D43: =SUM(D44:D48) -> 21905076 | E43: =IF(C43>0,D43/C43,0)*100 -> 16.933423 | F43: =SUM(F44:F48) -> 89645825 | G43: =IF(C43>0,F43/C43,0)*100 -> 69.299496 | H43: =C43-F43 -> 39714170
A44: Serviços Administrativos e Comerciais Gerais | B44: 124394100 | C44: 1.275211e+08 | D44: 21293257 | E44: =IF(C44>0,D44/C44,0)*100 -> 16.697831 | F44: 87607714 | G44: =IF(C44>0,F44/C44,0)*100 -> 68.700566 | H44: =C44-F44 -> 39913381
A45: Serviços e Atividades Referentes à Navegação e ao └ Transporte | B45: 302900 | C45: 302900 | D45: 46951.98 | E45: =IF(C45>0,D45/C45,0)*100 -> 15.500819 | F45: 188371.43 | G45: =IF(C45>0,F45/C45,0)*100 -> 62.189313 | H45: =C45-F45 -> 114528.57
A46: Serviços e Atividades referentes à Saúde | E46: =IF(C46>0,D46/C46,0)*100 -> 0 | G46: =IF(C46>0,F46/C46,0)*100 -> 0 | H46: =C46-F46 -> 0
A47: Serviços e Atividades Financeiras | E47: =IF(C47>0,D47/C47,0)*100 -> 0 | G47: =IF(C47>0,F47/C47,0)*100 -> 0 | H47: =C47-F47 -> 0
A48: Outros Serviços | B48: 1536000 | C48: 1536000 | D48: 564866.62 | E48: =IF(C48>0,D48/C48,0)*100 -> 36.775171 | F48: 1849739.1 | G48: =IF(C48>0,F48/C48,0)*100 -> 120.42572 | H48: =C48-F48 -> -313739.08
A49: TRANSFERÊNCIAS CORRENTES | B49: =SUM(B50:B57) -> 540247000 | C49: =SUM(C50:C57) -> 6.1812897e+08 | D49: =SUM(D50:D57) -> 1.1683634e+08 | E49: =IF(C49>0,D49/C49,0)*100 -> 18.901611 | F49: =SUM(F50:F57) -> 4.610793e+08 | G49: =IF(C49>0,F49/C49,0)*100 -> 74.592734 | H49: =C49-F49 -> 1.5704967e+08
A50: Transferências da União e de suas Entidades | B50: 144094750 | C50: 1.5852266e+08 | D50: 33846743 | E50: =IF(C50>0,D50/C50,0)*100 -> 21.35136 | F50: 1.2162337e+08 | G50: =IF(C50>0,F50/C50,0)*100 -> 76.723017 | H50: =C50-F50 -> 36899293
A51: Transferências dos Estados e do Distrito Federal e de └ suas Entidades | B51: 277094700 | C51: 3.2437776e+08 | D51: 56667284 | E51: =IF(C51>0,D51/C51,0)*100 -> 17.469534 | F51: 2.3668968e+08 | G51: =IF(C51>0,F51/C51,0)*100 -> 72.967296 | H51: =C51-F51 -> 87688081
A52: Transferências dos Municípios e de suas Entidades | E52: =IF(C52>0,D52/C52,0)*100 -> 0 | G52: =IF(C52>0,F52/C52,0)*100 -> 0 | H52: =C52-F52 -> 0
A53: Transferências de Instituições Privadas | B53: 855250 | C53: 855250 | D53: 404152.09 | E53: =IF(C53>0,D53/C53,0)*100 -> 47.255433 | F53: 1684711.1 | G53: =IF(C53>0,F53/C53,0)*100 -> 196.98463 | H53: =C53-F53 -> -829461.06
A54: Transferências de Outras Instituições Públicas | B54: 117800000 | C54: 133971000 | D54: 25680545 | E54: =IF(C54>0,D54/C54,0)*100 -> 19.168734 | F54: 1.0070826e+08 | G54: =IF(C54>0,F54/C54,0)*100 -> 75.171684 | H54: =C54-F54 -> 33262743
A55: Transferências do Exterior | E55: =IF(C55>0,D55/C55,0)*100 -> 0 | G55: =IF(C55>0,F55/C55,0)*100 -> 0 | H55: =C55-F55 -> 0
A56: Transferências de Pessoas Físicas | B56: 402300 | C56: 402300 | D56: 237611.19 | E56: =IF(C56>0,D56/C56,0)*100 -> 59.063184 | F56: 373282.21 | G56: =IF(C56>0,F56/C56,0)*100 -> 92.787027 | H56: =C56-F56 -> 29017.79
A57: Transferências Provenientes de Depósitos Não └ Identificados | E57: =IF(C57>0,D57/C57,0)*100 -> 0 | G57: =IF(C57>0,F57/C57,0)*100 -> 0 | H57: =C57-F57 -> 0
A58: OUTRAS RECEITAS CORRENTES | B58: =SUM(B59:B62) -> 11387200 | C58: =SUM(C59:C62) -> 11387200 | D58: =SUM(D59:D62) -> 3125033.1 | E58: =IF(C58>0,D58/C58,0)*100 -> 27.443384 | F58: =SUM(F59:F62) -> 13291848 | G58: =IF(C58>0,F58/C58,0)*100 -> 116.72622 | H58: =C58-F58 -> -1904647.8
A59: Multas Administrativas, Contratuais e Judiciais | B59: 5247890 | C59: 5247890 | D59: 1130760.5 | E59: =IF(C59>0,D59/C59,0)*100 -> 21.546954 | F59: 4873947.9 | G59: =IF(C59>0,F59/C59,0)*100 -> 92.87443 | H59: =C59-F59 -> 373942.09
A60: Indenizações, Restituições e Ressarcimentos | B60: 908100 | C60: 908100 | D60: 332427.71 | E60: =IF(C60>0,D60/C60,0)*100 -> 36.60695 | F60: 2813697.9 | G60: =IF(C60>0,F60/C60,0)*100 -> 309.8445 | H60: =C60-F60 -> -1905597.9
A61: Bens, Direitos e Valores Incorporados ao Patrimônio └ Público | E61: =IF(C61>0,D61/C61,0)*100 -> 0 | G61: =IF(C61>0,F61/C61,0)*100 -> 0 | H61: =C61-F61 -> 0
A62: Demais Receitas Correntes | B62: 5231210 | C62: 5231210 | D62: 1661844.9 | E62: =IF(C62>0,D62/C62,0)*100 -> 31.767887 | F62: 5604201.9 | G62: =IF(C62>0,F62/C62,0)*100 -> 107.13013 | H62: =C62-F62 -> -372991.94
A63: RECEITAS DE CAPITAL | B63: =B64+B67+B72+B81 -> 2091000 | C63: =C64+C67+C72+C81 -> 5271606.7 | D63: =D64+D67+D72+D81 -> 568535.35 | E63: =IF(C63>0,D63/C63,0)*100 -> 10.784859 | F63: =F64+F67+F72+F81 -> 3196379.1 | G63: =IF(C63>0,F63/C63,0)*100 -> 60.633869 | H63: =C63-F63 -> 2075227.6
A64: OPERAÇÕES DE CRÉDITO | B64: =SUM(B65:B66) -> 0 | C64: =SUM(C65:C66) -> 0 | D64: =SUM(D65:D66) -> 0 | E64: =IF(C64>0,D64/C64,0)*100 -> 0 | F64: =SUM(F65:F66) -> 0 | G64: =IF(C64>0,F64/C64,0)*100 -> 0 | H64: =C64-F64 -> 0
A65: Operações de Crédito - Mercado Interno | E65: =IF(C65>0,D65/C65,0)*100 -> 0 | G65: =IF(C65>0,F65/C65,0)*100 -> 0 | H65: =C65-F65 -> 0
A66: Operações de Crédito - Mercado Externo | E66: =IF(C66>0,D66/C66,0)*100 -> 0 | G66: =IF(C66>0,F66/C66,0)*100 -> 0 | H66: =C66-F66 -> 0
A67: ALIENAÇÃO DE BENS | B67: =SUM(B68:B71) -> 2091000 | C67: =SUM(C68:C71) -> 2773500 | D67: =SUM(D68:D71) -> 528035.35 | E67: =IF(C67>0,D67/C67,0)*100 -> 19.038592 | F67: =SUM(F68:F71) -> 2386579.6 | G67: =IF(C67>0,F67/C67,0)*100 -> 86.049383 | H67: =C67-F67 -> 386920.36
A68: Alienação de Bens Móveis | B68: 0 | C68: 682500 | D68: 0 | E68: =IF(C68>0,D68/C68,0)*100 -> 0 | F68: 891341.41 | G68: =IF(C68>0,F68/C68,0)*100 -> 130.59947 | H68: =C68-F68 -> -208841.41
A69: Alienação de Bens Imóveis | B69: 2091000 | C69: 2091000 | D69: 528035.35 | E69: =IF(C69>0,D69/C69,0)*100 -> 25.252767 | F69: 1495238.2 | G69: =IF(C69>0,F69/C69,0)*100 -> 71.508285 | H69: =C69-F69 -> 595761.77
A70: Alienação de Bens Intangíveis | E70: =IF(C70>0,D70/C70,0)*100 -> 0 | G70: =IF(C70>0,F70/C70,0)*100 -> 0 | H70: =C70-F70 -> 0
A71: AMORTIZAÇÕES DE EMPRÉSTIMOS | E71: =IF(C71>0,D71/C71,0)*100 -> 0 | G71: =IF(C71>0,F71/C71,0)*100 -> 0 | H71: =C71-F71 -> 0
A72: TRANSFERÊNCIAS DE CAPITAL | B72: =SUM(B73:B80) -> 0 | C72: =SUM(C73:C80) -> 2498106.7 | D72: =SUM(D73:D80) -> 40500 | E72: =IF(C72>0,D72/C72,0)*100 -> 1.6212278 | F72: =SUM(F73:F80) -> 809799.48 | G72: =IF(C72>0,F72/C72,0)*100 -> 32.416529 | H72: =C72-F72 -> 1688307.2
A73: Transferências da União e de suas Entidades | B73: 0 | C73: 1709314 | D73: 40500 | E73: =IF(C73>0,D73/C73,0)*100 -> 2.3693716 | F73: 407888.78 | G73: =IF(C73>0,F73/C73,0)*100 -> 23.862718 | H73: =C73-F73 -> 1301425.2
A74: Transferências dos Estados e do Distrito Federal e de └ suas Entidades | B74: 0 | C74: 788792.7 | D74: 0 | E74: =IF(C74>0,D74/C74,0)*100 -> 0 | F74: 301910.7 | G74: =IF(C74>0,F74/C74,0)*100 -> 38.275037 | H74: =C74-F74 -> 486882
A75: Transferências dos Municípios e de suas Entidades | B75: 0 | C75: 0 | D75: 0 | E75: =IF(C75>0,D75/C75,0)*100 -> 0 | F75: 100000 | G75: =IF(C75>0,F75/C75,0)*100 -> 0 | H75: =C75-F75 -> -100000
A76: Transferências de Instituições Privadas | E76: =IF(C76>0,D76/C76,0)*100 -> 0 | G76: =IF(C76>0,F76/C76,0)*100 -> 0 | H76: =C76-F76 -> 0
A77: Transferências de Outras Instituições Públicas | E77: =IF(C77>0,D77/C77,0)*100 -> 0 | G77: =IF(C77>0,F77/C77,0)*100 -> 0 | H77: =C77-F77 -> 0
A78: Transferências do Exterior | E78: =IF(C78>0,D78/C78,0)*100 -> 0 | G78: =IF(C78>0,F78/C78,0)*100 -> 0 | H78: =C78-F78 -> 0
A79: Transferências de Pessoas Físicas | E79: =IF(C79>0,D79/C79,0)*100 -> 0 | G79: =IF(C79>0,F79/C79,0)*100 -> 0 | H79: =C79-F79 -> 0
A80: Transferências Provenientes de Depósitos Não └ Identificados | E80: =IF(C80>0,D80/C80,0)*100 -> 0 | G80: =IF(C80>0,F80/C80,0)*100 -> 0 | H80: =C80-F80 -> 0
A81: OUTRAS RECEITAS DE CAPITAL | B81: =SUM(B82:B85) -> 0 | C81: =SUM(C82:C85) -> 0 | D81: =SUM(D82:D85) -> 0 | E81: =IF(C81>0,D81/C81,0)*100 -> 0 | F81: =SUM(F82:F85) -> 0 | G81: =IF(C81>0,F81/C81,0)*100 -> 0 | H81: =C81-F81 -> 0
A82: Integralização do Capital Social | E82: =IF(C82>0,D82/C82,0)*100 -> 0 | G82: =IF(C82>0,F82/C82,0)*100 -> 0 | H82: =C82-F82 -> 0
A83: Remuneração das Disponibilidades do Tesouro | E83: =IF(C83>0,D83/C83,0)*100 -> 0 | G83: =IF(C83>0,F83/C83,0)*100 -> 0 | H83: =C83-F83 -> 0
A84: Resgate de Títulos do Tesouro | E84: =IF(C84>0,D84/C84,0)*100 -> 0 | G84: =IF(C84>0,F84/C84,0)*100 -> 0 | H84: =C84-F84 -> 0
A85: Demais Receitas de Capital | E85: =IF(C85>0,D85/C85,0)*100 -> 0 | G85: =IF(C85>0,F85/C85,0)*100 -> 0 | H85: =C85-F85 -> 0
A86: RECEITAS (INTRA-ORÇAMENTÁRIAS) (II) | B86: =B141 -> 107358500 | C86: =C141 -> 107358500 | D86: =D141 -> 14955024 | E86: =IF(C86>0,D86/C86,0)*100 -> 13.929986 | F86: =F141 -> 52997356 | G86: =IF(C86>0,F86/C86,0)*100 -> 49.364844 | H86: =C86-F86 -> 54361144
A87: SUBTOTAL DAS RECEITAS (III) = (I + II) | B87: =B86+B22 -> 1200000000 | C87: =C86+C22 -> 1.3146136e+09 | D87: =D86+D22 -> 2.4991941e+08 | E87: =IF(C87>0,D87/C87,0)*100 -> 19.010865 | F87: =F86+F22 -> 9.8809074e+08 | G87: =IF(C87>0,F87/C87,0)*100 -> 75.162068 | H87: =C87-F87 -> 3.2652283e+08
A88: OPERAÇÕES DE CRÉDITO / REFINANCIAMENTO (IV) | B88: =B89+B92 -> 0 | C88: =C89+C92 -> 0 | D88: =D89+D92 -> 0 | E88: =IF(C88>0,D88/C88,0)*100 -> 0 | F88: =F89+F92 -> 0 | G88: =IF(C88>0,F88/C88,0)*100 -> 0 | H88: =C88-F88 -> 0
A89: Operações de Crédito Internas | B89: =SUM(B90:B91) -> 0 | C89: =SUM(C90:C91) -> 0 | D89: =SUM(D90:D91) -> 0 | E89: =IF(C89>0,D89/C89,0)*100 -> 0 | F89: =SUM(F90:F91) -> 0 | G89: =IF(C89>0,F89/C89,0)*100 -> 0 | H89: =C89-F89 -> 0
A90: Mobiliária | E90: =IF(C90>0,D90/C90,0)*100 -> 0 | G90: =IF(C90>0,F90/C90,0)*100 -> 0 | H90: =C90-F90 -> 0
A91: Contratual | E91: =IF(C91>0,D91/C91,0)*100 -> 0 | G91: =IF(C91>0,F91/C91,0)*100 -> 0 | H91: =C91-F91 -> 0
A92: Operações de Crédito Externas | B92: =SUM(B93:B94) -> 0 | C92: =SUM(C93:C94) -> 0 | D92: =SUM(D93:D94) -> 0 | E92: =IF(C92>0,D92/C92,0)*100 -> 0 | F92: =SUM(F93:F94) -> 0 | G92: =IF(C92>0,F92/C92,0)*100 -> 0 | H92: =C92-F92 -> 0
A93: Mobiliária | E93: =IF(C93>0,D93/C93,0)*100 -> 0 | G93: =IF(C93>0,F93/C93,0)*100 -> 0 | H93: =C93-F93 -> 0
A94: Contratual | E94: =IF(C94>0,D94/C94,0)*100 -> 0 | G94: =IF(C94>0,F94/C94,0)*100 -> 0 | H94: =C94-F94 -> 0
A95: TOTAL DAS RECEITAS (V) = (III + IV) | B95: =B87+B88 -> 1200000000 | C95: =C87+C88 -> 1.3146136e+09 | D95: =D87+D88 -> 2.4991941e+08 | E95: =IF(C95>0,D95/C95,0)*100 -> 19.010865 | F95: =F87+F88 -> 9.8809074e+08 | G95: =IF(C95>0,F95/C95,0)*100 -> 75.162068 | H95: =C95-F95 -> 3.2652283e+08
A96: DÉFICIT (VI) | F96: =IF(A13="Período: 6º Bimestre",IF(F95<E128,E128-F95,0),IF(F95<H128,H128-F95,0)) -> 0
A97: TOTAL (VII) = (V + VI) | B97: =B96+B95 -> 1200000000 | C97: =C96+C95 -> 1.3146136e+09 | D97: =D96+D95 -> 2.4991941e+08 | E97: =IF(C97>0,D97/C97,0)*100 -> 19.010865 | F97: =F96+F95 -> 9.8809074e+08 | G97: =IF(C97>0,F97/C97,0)*100 -> 75.162068 | H97: =C97-F97 -> 3.2652283e+08
A98: SALDOS DE EXERCÍCIOS ANTERIORES | B98: =SUM(B99:B100) -> 0 | C98: =SUM(C99:C100) -> 1.4937098e+08 | F98: =SUM(F99:F100) -> 1.4937098e+08
A99: Recursos Arrecadados em Exercícios Anteriores - RPPS
A100: Superávit Financeiro Utilizado para Créditos Adicionais | C100: 1.4937098e+08 | F100: 1.4937098e+08
B106: DOTAÇÃO | C106: DOTAÇÃO | D106: DESPESAS EMPENHADAS | F106: SALDO | G106: DESPESAS LIQUIDADAS | I106: SALDO | J106: DESPESAS PAGAS | K106: INSCRITAS EM RESTOS A PAGAR NÃO PROCESSADOS (k)
A107: DESPESAS | B107: INICIAL | C107: ATUALIZADA | D107: =CONCATENATE("No ", B13) -> No Bimestre | E107: =F20 -> Até o Bimestre | G107: =CONCATENATE("No ", B13) -> No Bimestre | H107: =F20 -> Até o Bimestre
B108: (d) | C108: (e) | E108: (f) | F108: (g) = (e-f) | H108: (h) | I108: (i) = (e-h) | J108: (j)
A109: DESPESAS (EXCETO INTRA-ORÇAMENTÁRIAS) (VIII) | B109: =B110+B114+B118 -> 1072404900 | C109: =C110+C114+C118 -> 1.3379393e+09 | D109: =D110+D114+D118 -> 2.2715105e+08 | E109: =E110+E114+E118 -> 9.2415247e+08 | F109: =C109-E109 -> 4.1378678e+08 | G109: =G110+G114+G118 -> 2.0653831e+08 | H109: =H110+H114+H118 -> 7.0720196e+08 | I109: =C109-H109 -> 6.307373e+08 | J109: =J110+J114+J118 -> 6.4748014e+08 | K109: =K110+K114+K118 -> 0
A110: DESPESAS CORRENTES | B110: =SUM(B111:B113) -> 1029863900 | C110: =SUM(C111:C113) -> 1.1926488e+09 | D110: =SUM(D111:D113) -> 1.7751909e+08 | E110: =SUM(E111:E113) -> 8.4551832e+08 | F110: =C110-E110 -> 3.4713046e+08 | G110: =SUM(G111:G113) -> 1.9148733e+08 | H110: =SUM(H111:H113) -> 6.7789264e+08 | I110: =C110-H110 -> 5.1475613e+08 | J110: =SUM(J111:J113) -> 6.2156067e+08 | K110: =SUM(K111:K113) -> 0
A111: PESSOAL E ENCARGOS SOCIAIS | B111: 484642100 | C111: 5.062468e+08 | D111: 82959466 | E111: 3.1155452e+08 | F111: =C111-E111 -> 1.9469228e+08 | G111: 82974413 | H111: 3.1145111e+08 | I111: =C111-H111 -> 1.9479568e+08 | J111: 2.7613318e+08
...

Sheet RREO-Anexo 02
A2: PREFEITURA MUNICIPAL DE INDAIATUBA
A3: Av. Eng. Fabio R. Barnabe, 2800 - Jd. Esplanada II
A4: C.N.P.J. 44.733.608/0001-09
A5: Telefone: (19) 3834-9000
A6: Tabela 2 - Demonstrativo da Execução das Despesas por Função/Subfunção
A8: PREFEITURA MUNICIPAL DE INDAIATUBA
A9: RELATÓRIO RESUMIDO DA EXECUÇÃO ORÇAMENTÁRIA
A10: DEMONSTRATIVO DA EXECUÇÃO DAS DESPESAS POR FUNÇÃO/SUBFUNÇÃO
A11: ORÇAMENTOS FISCAL E DA SEGURIDADE SOCIAL
A12: EXERCÍCIO: 2021
A13: Período: 4º Bimestre | B13: =IF(IFERROR(SEARCH("SEMESTRE",A13,1),0)>0,"Semestre",IF(IFERROR(SEARCH("QUADRIMESTRE",A13,1),0)>0,"Quadrimestre",IF(IFERROR(SEARCH("TRIMESTRE",A13,1),0)>0,"Trimestre",IF(IFERROR(SEARCH("BIMESTRE",A13,1),0)>0,"Bimestre","Mês")))) -> Bimestre
A16: RREO - Anexo 2 (LRF, Art. 52, inciso II, alínea "c") | L16: Em Reais
B17: DOTAÇÃO | C17: DOTAÇÃO | D17: DESPESAS EMPENHADAS | G17: SALDO | H17: DESPESAS LIQUIDADAS | K17: SALDO | L17: INSCRITAS EM RESTOS A PAGAR NÃO PROCESSADOS (f)
A18: FUNÇÃO/SUBFUNÇÃO | B18: INICIAL | C18: ATUALIZADA | D18: =CONCATENATE("No ", B13) -> No Bimestre | E18: =CONCATENATE("Até o ", B13) -> Até o Bimestre | F18: % | H18: =CONCATENATE("No ", B13) -> No Bimestre | I18: =CONCATENATE("Até o ", B13) -> Até o Bimestre | J18: %
C19: (a) | E19: (b) | F19: (b/total b) | G19: (c) = (a-b) | I19: (d) | J19: (d/total d) | K19: (e) = (a-d)
A20: DESPESAS (EXCETO INTRA-ORÇAMENTÁRIAS) (I) | B20: =B21+B26+B31+B36+B49+B55+B61+B66+B73+B80+B89+B96+B107+B112+B118+B124+B129+B134+B142+B148+B156+B161+B169+B177+B182+B189+B197+B203+B212 -> 1097874900 | C20: =C21+C26+C31+C36+C49+C55+C61+C66+C73+C80+C89+C96+C107+C112+C118+C124+C129+C134+C142+C148+C156+C161+C169+C177+C182+C189+C197+C203+C212 -> 1.3634093e+09 | D20: =D21+D26+D31+D36+D49+D55+D61+D66+D73+D80+D89+D96+D107+D112+D118+D124+D129+D134+D142+D148+D156+D161+D169+D177+D182+D189+D197+D203+D212 -> 2.2715105e+08 | E20: =E21+E26+E31+E36+E49+E55+E61+E66+E73+E80+E89+E96+E107+E112+E118+E124+E129+E134+E142+E148+E156+E161+E169+E177+E182+E189+E197+E203+E212 -> 9.2415247e+08 | F20: =IF($E$214>0,E20/$E$214,0)*100 -> 93.902232 | G20: =G21+G26+G31+G36+G49+G55+G61+G66+G73+G80+G89+G96+G107+G112+G118+G124+G129+G134+G142+G148+G156+G161+G169+G177+G182+G189+G197+G203+G212 -> 4.3925678e+08 | H20: =H21+H26+H31+H36+H49+H55+H61+H66+H73+H80+H89+H96+H107+H112+H118+H124+H129+H134+H142+H148+H156+H161+H169+H177+H182+H189+H197+H203+H212 -> 2.0653831e+08 | I20: =I21+I26+I31+I36+I49+I55+I61+I66+I73+I80+I89+I96+I107+I112+I118+I124+I129+I134+I142+I148+I156+I161+I169+I177+I182+I189+I197+I203+I212 -> 7.0720196e+08 | J20: =IF($I$214>0,I20/$I$214,0)*100 -> 92.288186 | K20: =K21+K26+K31+K36+K49+K55+K61+K66+K73+K80+K89+K96+K107+K112+K118+K124+K129+K134+K142+K148+K156+K161+K169+K177+K182+K189+K197+K203+K212 -> 6.562073e+08 | L20: =L21+L26+L31+L36+L49+L55+L61+L66+L73+L80+L89+L96+L107+L112+L118+L124+L129+L134+L142+L148+L156+L161+L169+L177+L182+L189+L197+L203+L212 -> 0
A21: LEGISLATIVA | B21: =SUM(B22:B25) -> 14515000 | C21: =SUM(C22:C25) -> 14215000 | D21: =SUM(D22:D25) -> 1732613.5 | E21: =SUM(E22:E25) -> 7298964.2 | F21: =IF($E$214>0,E21/$E$214,0)*100 -> 0.74164064 | G21: =SUM(G22:G25) -> 6916035.8 | H21: =SUM(H22:H25) -> 1714222.2 | I21: =SUM(I22:I25) -> 6513880.2 | J21: =IF($I$214>0,I21/$I$214,0)*100 -> 0.85004599 | K21: =SUM(K22:K25) -> 7701119.8 | L21: =SUM(L22:L25) -> 0
A22: Ação Legislativa | B22: 14515000 | C22: 14215000 | D22: 1732613.5 | E22: 7298964.2 | F22: =IF($E$214>0,E22/$E$214,0)*100 -> 0.74164064 | G22: =C22-E22 -> 6916035.8 | H22: 1714222.2 | I22: 6513880.2 | J22: =IF($I$214>0,I22/$I$214,0)*100 -> 0.85004599 | K22: =C22-I22 -> 7701119.8
A23: Controle Externo | F23: =IF($E$214>0,E23/$E$214,0)*100 -> 0 | G23: =C23-E23 -> 0 | J23: =IF($I$214>0,I23/$I$214,0)*100 -> 0 | K23: =C23-I23 -> 0
A24: Administração Geral | F24: =IF($E$214>0,E24/$E$214,0)*100 -> 0 | G24: =C24-E24 -> 0 | J24: =IF($I$214>0,I24/$I$214,0)*100 -> 0 | K24: =C24-I24 -> 0
A25: Demais Subfunções | F25: =IF($E$214>0,E25/$E$214,0)*100 -> 0 | G25: =C25-E25 -> 0 | J25: =IF($I$214>0,I25/$I$214,0)*100 -> 0 | K25: =C25-I25 -> 0
A26: JUDICIÁRIA | B26: =SUM(B27:B30) -> 0 | C26: =SUM(C27:C30) -> 0 | D26: =SUM(D27:D30) -> 0 | E26: =SUM(E27:E30) -> 0 | F26: =IF($E$214>0,E26/$E$214,0)*100 -> 0 | G26: =SUM(G27:G30) -> 0 | H26: =SUM(H27:H30) -> 0 | I26: =SUM(I27:I30) -> 0 | J26: =IF($I$214>0,I26/$I$214,0)*100 -> 0 | K26: =SUM(K27:K30) -> 0 | L26: =SUM(L27:L30) -> 0
A27: Ação Judiciária | F27: =IF($E$214>0,E27/$E$214,0)*100 -> 0 | G27: =C27-E27 -> 0 | J27: =IF($I$214>0,I27/$I$214,0)*100 -> 0 | K27: =C27-I27 -> 0
A28: Defesa do Interesse Público no Processo Judiciário | F28: =IF($E$214>0,E28/$E$214,0)*100 -> 0 | G28: =C28-E28 -> 0 | J28: =IF($I$214>0,I28/$I$214,0)*100 -> 0 | K28: =C28-I28 -> 0
A29: Administração Geral | F29: =IF($E$214>0,E29/$E$214,0)*100 -> 0 | G29: =C29-E29 -> 0 | J29: =IF($I$214>0,I29/$I$214,0)*100 -> 0 | K29: =C29-I29 -> 0
A30: Demais Subfunções | F30: =IF($E$214>0,E30/$E$214,0)*100 -> 0 | G30: =C30-E30 -> 0 | J30: =IF($I$214>0,I30/$I$214,0)*100 -> 0 | K30: =C30-I30 -> 0
A31: ESSENCIAL A JUSTIÇA | B31: =SUM(B32:B35) -> 0 | C31: =SUM(C32:C35) -> 0 | D31: =SUM(D32:D35) -> 0 | E31: =SUM(E32:E35) -> 0 | F31: =IF($E$214>0,E31/$E$214,0)*100 -> 0 | G31: =SUM(G32:G35) -> 0 | H31: =SUM(H32:H35) -> 0 | I31: =SUM(I32:I35) -> 0 | J31: =IF($I$214>0,I31/$I$214,0)*100 -> 0 | K31: =SUM(K32:K35) -> 0 | L31: =SUM(L32:L35) -> 0
A32: Defesa da Ordem Jurídica | F32: =IF($E$214>0,E32/$E$214,0)*100 -> 0 | G32: =C32-E32 -> 0 | J32: =IF($I$214>0,I32/$I$214,0)*100 -> 0 | K32: =C32-I32 -> 0
A33: Representação Judicial e Extrajudicial | F33: =IF($E$214>0,E33/$E$214,0)*100 -> 0 | G33: =C33-E33 -> 0 | J33: =IF($I$214>0,I33/$I$214,0)*100 -> 0 | K33: =C33-I33 -> 0
A34: Administração Geral | F34: =IF($E$214>0,E34/$E$214,0)*100 -> 0 | G34: =C34-E34 -> 0 | J34: =IF($I$214>0,I34/$I$214,0)*100 -> 0 | K34: =C34-I34 -> 0
A35: Demais Subfunções | F35: =IF($E$214>0,E35/$E$214,0)*100 -> 0 | G35: =C35-E35 -> 0 | J35: =IF($I$214>0,I35/$I$214,0)*100 -> 0 | K35: =C35-I35 -> 0
A36: ADMINISTRAÇÃO | B36: =SUM(B37:B48) -> 78227000 | C36: =SUM(C37:C48) -> 86225577 | D36: =SUM(D37:D48) -> 11663598 | E36: =SUM(E37:E48) -> 56220108 | F36: =IF($E$214>0,E36/$E$214,0)*100 -> 5.7124704 | G36: =SUM(G37:G48) -> 30005469 | H36: =SUM(H37:H48) -> 11268983 | I36: =SUM(I37:I48) -> 41978456 | J36: =IF($I$214>0,I36/$I$214,0)*100 -> 5.4780894 | K36: =SUM(K37:K48) -> 44247121 | L36: =SUM(L37:L48) -> 0
A37: Planejamento e Orçamento | F37: =IF($E$214>0,E37/$E$214,0)*100 -> 0 | G37: =C37-E37 -> 0 | J37: =IF($I$214>0,I37/$I$214,0)*100 -> 0 | K37: =C37-I37 -> 0
A38: Administração Geral | B38: 51898000 | C38: 54057750 | D38: 5297215.1 | E38: 35458837 | F38: =IF($E$214>0,E38/$E$214,0)*100 -> 3.6029379 | G38: =C38-E38 -> 18598913 | H38: 7254579.2 | I38: 26648669 | J38: =IF($I$214>0,I38/$I$214,0)*100 -> 3.4775884 | K38: =C38-I38 -> 27409081
A39: Administração Financeira | B39: 10560000 | C39: 10760000 | D39: 1110808.6 | E39: 7140634.3 | F39: =IF($E$214>0,E39/$E$214,0)*100 -> 0.72555289 | G39: =C39-E39 -> 3619365.7 | H39: 1515433.7 | I39: 6120343 | J39: =IF($I$214>0,I39/$I$214,0)*100 -> 0.79869031 | K39: =C39-I39 -> 4639657
A40: Controle Interno | B40: 1167000 | C40: 1167000 | D40: 150116.54 | E40: 664262.83 | F40: =IF($E$214>0,E40/$E$214,0)*100 -> 0.067495099 | G40: =C40-E40 -> 502737.17 | H40: 162116.54 | I40: 648262.83 | J40: =IF($I$214>0,I40/$I$214,0)*100 -> 0.084596769 | K40: =C40-I40 -> 518737.17
A41: Normatização e Fiscalização | F41: =IF($E$214>0,E41/$E$214,0)*100 -> 0 | G41: =C41-E41 -> 0 | J41: =IF($I$214>0,I41/$I$214,0)*100 -> 0 | K41: =C41-I41 -> 0
A42: Tecnologia da Informação | F42: =IF($E$214>0,E42/$E$214,0)*100 -> 0 | G42: =C42-E42 -> 0 | J42: =IF($I$214>0,I42/$I$214,0)*100 -> 0 | K42: =C42-I42 -> 0
A43: Ordenamento Territorial | B43: 5955000 | C43: 9600322.6 | D43: 2869472.7 | E43: 5810117.5 | F43: =IF($E$214>0,E43/$E$214,0)*100 -> 0.59036037 | G43: =C43-E43 -> 3790205.2 | H43: 809704.55 | I43: 3293579.1 | J43: =IF($I$214>0,I43/$I$214,0)*100 -> 0.4298043 | K43: =C43-I43 -> 6306743.5
A44: Formação de Recursos Humanos | F44: =IF($E$214>0,E44/$E$214,0)*100 -> 0 | G44: =C44-E44 -> 0 | J44: =IF($I$214>0,I44/$I$214,0)*100 -> 0 | K44: =C44-I44 -> 0
A45: Administração de Receitas | F45: =IF($E$214>0,E45/$E$214,0)*100 -> 0 | G45: =C45-E45 -> 0 | J45: =IF($I$214>0,I45/$I$214,0)*100 -> 0 | K45: =C45-I45 -> 0
A46: Administração de Concessões | F46: =IF($E$214>0,E46/$E$214,0)*100 -> 0 | G46: =C46-E46 -> 0 | J46: =IF($I$214>0,I46/$I$214,0)*100 -> 0 | K46: =C46-I46 -> 0
A47: Comunicação Social | B47: 8647000 | C47: 10640505 | D47: 2235985.4 | E47: 7146256.9 | F47: =IF($E$214>0,E47/$E$214,0)*100 -> 0.7261242 | G47: =C47-E47 -> 3494247.8 | H47: 1527149.4 | I47: 5267602.5 | J47: =IF($I$214>0,I47/$I$214,0)*100 -> 0.68740969 | K47: =C47-I47 -> 5372902.2
A48: Demais Subfunções | F48: =IF($E$214>0,E48/$E$214,0)*100 -> 0 | G48: =C48-E48 -> 0 | J48: =IF($I$214>0,I48/$I$214,0)*100 -> 0 | K48: =C48-I48 -> 0
A49: DEFESA NACIONAL | B49: =SUM(B50:B54) -> 0 | C49: =SUM(C50:C54) -> 0 | D49: =SUM(D50:D54) -> 0 | E49: =SUM(E50:E54) -> 0 | F49: =IF($E$214>0,E49/$E$214,0)*100 -> 0 | G49: =SUM(G50:G54) -> 0 | H49: =SUM(H50:H54) -> 0 | I49: =SUM(I50:I54) -> 0 | J49: =IF($I$214>0,I49/$I$214,0)*100 -> 0 | K49: =SUM(K50:K54) -> 0 | L49: =SUM(L50:L54) -> 0
A50: Defesa Aérea | F50: =IF($E$214>0,E50/$E$214,0)*100 -> 0 | G50: =C50-E50 -> 0 | J50: =IF($I$214>0,I50/$I$214,0)*100 -> 0 | K50: =C50-I50 -> 0
A51: Defesa Naval | F51: =IF($E$214>0,E51/$E$214,0)*100 -> 0 | G51: =C51-E51 -> 0 | J51: =IF($I$214>0,I51/$I$214,0)*100 -> 0 | K51: =C51-I51 -> 0
A52: Defesa Terrestre | F52: =IF($E$214>0,E52/$E$214,0)*100 -> 0 | G52: =C52-E52 -> 0 | J52: =IF($I$214>0,I52/$I$214,0)*100 -> 0 | K52: =C52-I52 -> 0
A53: Administração Geral | F53: =IF($E$214>0,E53/$E$214,0)*100 -> 0 | G53: =C53-E53 -> 0 | J53: =IF($I$214>0,I53/$I$214,0)*100 -> 0 | K53: =C53-I53 -> 0
A54: Demais Subfunções | F54: =IF($E$214>0,E54/$E$214,0)*100 -> 0 | G54: =C54-E54 -> 0 | J54: =IF($I$214>0,I54/$I$214,0)*100 -> 0 | K54: =C54-I54 -> 0
A55: SEGURANÇA PÚBLICA | B55: =SUM(B56:B60) -> 35912000 | C55: =SUM(C56:C60) -> 40398000 | D55: =SUM(D56:D60) -> 5347056.5 | E55: =SUM(E56:E60) -> 21797786 | F55: =IF($E$214>0,E55/$E$214,0)*100 -> 2.2148518 | G55: =SUM(G56:G60) -> 18600214 | H55: =SUM(H56:H60) -> 5021029 | I55: =SUM(I56:I60) -> 20386718 | J55: =IF($I$214>0,I55/$I$214,0)*100 -> 2.6604185 | K55: =SUM(K56:K60) -> 20011282 | L55: =SUM(L56:L60) -> 0
A56: Policiamento | F56: =IF($E$214>0,E56/$E$214,0)*100 -> 0 | G56: =C56-E56 -> 0 | J56: =IF($I$214>0,I56/$I$214,0)*100 -> 0 | K56: =C56-I56 -> 0
A57: Defesa Civil | B57: 35912000 | C57: 40398000 | D57: 5347056.5 | E57: 21797786 | F57: =IF($E$214>0,E57/$E$214,0)*100 -> 2.2148518 | G57: =C57-E57 -> 18600214 | H57: 5021029 | I57: 20386718 | J57: =IF($I$214>0,I57/$I$214,0)*100 -> 2.6604185 | K57: =C57-I57 -> 20011282
A58: Informação e Inteligência | F58: =IF($E$214>0,E58/$E$214,0)*100 -> 0 | G58: =C58-E58 -> 0 | J58: =IF($I$214>0,I58/$I$214,0)*100 -> 0 | K58: =C58-I58 -> 0
A59: Administração Geral | F59: =IF($E$214>0,E59/$E$214,0)*100 -> 0 | G59: =C59-E59 -> 0 | J59: =IF($I$214>0,I59/$I$214,0)*100 -> 0 | K59: =C59-I59 -> 0
A60: Demais Subfunções | F60: =IF($E$214>0,E60/$E$214,0)*100 -> 0 | G60: =C60-E60 -> 0 | J60: =IF($I$214>0,I60/$I$214,0)*100 -> 0 | K60: =C60-I60 -> 0
A61: RELAÇÕES EXTERIORES | B61: =SUM(B62:B65) -> 0 | C61: =SUM(C62:C65) -> 0 | D61: =SUM(D62:D65) -> 0 | E61: =SUM(E62:E65) -> 0 | F61: =IF($E$214>0,E61/$E$214,0)*100 -> 0 | G61: =SUM(G62:G65) -> 0 | H61: =SUM(H62:H65) -> 0 | I61: =SUM(I62:I65) -> 0 | J61: =IF($I$214>0,I61/$I$214,0)*100 -> 0 | K61: =SUM(K62:K65) -> 0 | L61: =SUM(L62:L65) -> 0
A62: Relações Diplomáticas | F62: =IF($E$214>0,E62/$E$214,0)*100 -> 0 | G62: =C62-E62 -> 0 | J62: =IF($I$214>0,I62/$I$214,0)*100 -> 0 | K62: =C62-I62 -> 0
A63: Cooperação Internacional | F63: =IF($E$214>0,E63/$E$214,0)*100 -> 0 | G63: =C63-E63 -> 0 | J63: =IF($I$214>0,I63/$I$214,0)*100 -> 0 | K63: =C63-I63 -> 0
A64: Administração Geral | F64: =IF($E$214>0,E64/$E$214,0)*100 -> 0 | G64: =C64-E64 -> 0 | J64: =IF($I$214>0,I64/$I$214,0)*100 -> 0 | K64: =C64-I64 -> 0
A65: Demais Subfunções | F65: =IF($E$214>0,E65/$E$214,0)*100 -> 0 | G65: =C65-E65 -> 0 | J65: =IF($I$214>0,I65/$I$214,0)*100 -> 0 | K65: =C65-I65 -> 0
A66: ASSISTÊNCIA SOCIAL | B66: =SUM(B67:B72) -> 25228900 | C66: =SUM(C67:C72) -> 34025298 | D66: =SUM(D67:D72) -> 2597203.5 | E66: =SUM(E67:E72) -> 21459495 | F66: =IF($E$214>0,E66/$E$214,0)*100 -> 2.1804783 | G66: =SUM(G67:G72) -> 12565803 | H66: =SUM(H67:H72) -> 3571774.6 | I66: =SUM(I67:I72) -> 17240664 | J66: =IF($I$214>0,I66/$I$214,0)*100 -> 2.249866 | K66: =SUM(K67:K72) -> 16784633 | L66: =SUM(L67:L72) -> 0
A67: Assistência ao Idoso | B67: 26360 | C67: 26360 | D67: 0 | E67: 0 | F67: =IF($E$214>0,E67/$E$214,0)*100 -> 0 | G67: =C67-E67 -> 26360 | H67: 0 | I67: 0 | J67: =IF($I$214>0,I67/$I$214,0)*100 -> 0 | K67: =C67-I67 -> 26360
A68: Assistência ao Portador de Deficiência | B68: 200 | C68: 343200 | D68: 0 | E68: 0 | F68: =IF($E$214>0,E68/$E$214,0)*100 -> 0 | G68: =C68-E68 -> 343200 | H68: 0 | I68: 0 | J68: =IF($I$214>0,I68/$I$214,0)*100 -> 0 | K68: =C68-I68 -> 343200
A69: Assistência à Criança e ao Adolescente | B69: 1323200 | C69: 2033200 | D69: 8871.47 | E69: 1610159.9 | F69: =IF($E$214>0,E69/$E$214,0)*100 -> 0.16360678 | G69: =C69-E69 -> 423040.12 | H69: 15199.79 | I69: 1600463.2 | J69: =IF($I$214>0,I69/$I$214,0)*100 -> 0.20885667 | K69: =C69-I69 -> 432736.83
A70: Assistência Comunitária | B70: 23879140 | C70: 31622538 | D70: 2588332.1 | E70: 19849335 | F70: =IF($E$214>0,E70/$E$214,0)*100 -> 2.0168716 | G70: =C70-E70 -> 11773203 | H70: 3556574.8 | I70: 15640201 | J70: =IF($I$214>0,I70/$I$214,0)*100 -> 2.0410093 | K70: =C70-I70 -> 15982336
A71: Administração Geral | F71: =IF($E$214>0,E71/$E$214,0)*100 -> 0 | G71: =C71-E71 -> 0 | J71: =IF($I$214>0,I71/$I$214,0)*100 -> 0 | K71: =C71-I71 -> 0
A72: Demais Subfunções | F72: =IF($E$214>0,E72/$E$214,0)*100 -> 0 | G72: =C72-E72 -> 0 | J72: =IF($I$214>0,I72/$I$214,0)*100 -> 0 | K72: =C72-I72 -> 0
A73: PREVIDÊNCIA SOCIAL | B73: =SUM(B74:B79) -> 94940000 | C73: =SUM(C74:C79) -> 94940000 | D73: =SUM(D74:D79) -> 13434957 | E73: =SUM(E74:E79) -> 56542150 | F73: =IF($E$214>0,E73/$E$214,0)*100 -> 5.7451928 | G73: =SUM(G74:G79) -> 38397850 | H73: =SUM(H74:H79) -> 13512002 | I73: =SUM(I74:I79) -> 56315536 | J73: =IF($I$214>0,I73/$I$214,0)*100 -> 7.3490445 | K73: =SUM(K74:K79) -> 38624464 | L73: =SUM(L74:L79) -> 0
A74: Previdência Básica | F74: =IF($E$214>0,E74/$E$214,0)*100 -> 0 | G74: =C74-E74 -> 0 | J74: =IF($I$214>0,I74/$I$214,0)*100 -> 0 | K74: =C74-I74 -> 0
A75: Previdência do Regime Estatutário | B75: 94940000 | C75: 94940000 | D75: 13434957 | E75: 56542150 | F75: =IF($E$214>0,E75/$E$214,0)*100 -> 5.7451928 | G75: =C75-E75 -> 38397850 | H75: 13512002 | I75: 56315536 | J75: =IF($I$214>0,I75/$I$214,0)*100 -> 7.3490445 | K75: =C75-I75 -> 38624464
A76: Previdência Complementar | F76: =IF($E$214>0,E76/$E$214,0)*100 -> 0 | G76: =C76-E76 -> 0 | J76: =IF($I$214>0,I76/$I$214,0)*100 -> 0 | K76: =C76-I76 -> 0
A77: Previdência Especial | F77: =IF($E$214>0,E77/$E$214,0)*100 -> 0 | G77: =C77-E77 -> 0 | J77: =IF($I$214>0,I77/$I$214,0)*100 -> 0 | K77: =C77-I77 -> 0
A78: Administração Geral | F78: =IF($E$214>0,E78/$E$214,0)*100 -> 0 | G78: =C78-E78 -> 0 | J78: =IF($I$214>0,I78/$I$214,0)*100 -> 0 | K78: =C78-I78 -> 0
A79: Demais Subfunções | F79: =IF($E$214>0,E79/$E$214,0)*100 -> 0 | G79: =C79-E79 -> 0 | J79: =IF($I$214>0,I79/$I$214,0)*100 -> 0 | K79: =C79-I79 -> 0
A80: SAÚDE | B80: =SUM(B81:B88) -> 257257000 | C80: =SUM(C81:C88) -> 3.3060222e+08 | D80: =SUM(D81:D88) -> 36846005 | E80: =SUM(E81:E88) -> 2.5535553e+08 | F80: =IF($E$214>0,E80/$E$214,0)*100 -> 25.946426 | G80: =SUM(G81:G88) -> 75246694 | H80: =SUM(H81:H88) -> 55132398 | I80: =SUM(I81:I88) -> 2.0456831e+08 | J80: =IF($I$214>0,I80/$I$214,0)*100 -> 26.695682 | K80: =SUM(K81:K88) -> 1.2603391e+08 | L80: =SUM(L81:L88) -> 0
A81: Atenção Básica | B81: 39240000 | C81: 44505828 | D81: 7410890 | E81: 30462210 | F81: =IF($E$214>0,E81/$E$214,0)*100 -> 3.0952354 | G81: =C81-E81 -> 14043619 | H81: 7431311.3 | I81: 28277463 | J81: =IF($I$214>0,I81/$I$214,0)*100 -> 3.6901422 | K81: =C81-I81 -> 16228365
A82: Assistência Hospitalar e Ambulatorial | B82: 136629000 | C82: 1.9904305e+08 | D82: 23439853 | E82: 1.5451442e+08 | F82: =IF($E$214>0,E82/$E$214,0)*100 -> 15.700059 | G82: =C82-E82 -> 44528633 | H82: 32039517 | I82: 1.2021084e+08 | J82: =IF($I$214>0,I82/$I$214,0)*100 -> 15.687231 | K82: =C82-I82 -> 78832210
A83: Suporte Profilático e Terapêutico | B83: 12426500 | C83: 17189463 | D83: 3325252.4 | E83: 12664820 | F83: =IF($E$214>0,E83/$E$214,0)*100 -> 1.2868601 | G83: =C83-E83 -> 4524642.6 | H83: 3420611.7 | I83: 11020290 | J83: =IF($I$214>0,I83/$I$214,0)*100 -> 1.4381219 | K83: =C83-I83 -> 6169172.6
A84: Vigilância Sanitária | B84: 2328000 | C84: 2359059.6 | D84: 292567.78 | E84: 1241258.9 | F84: =IF($E$214>0,E84/$E$214,0)*100 -> 0.12612311 | G84: =C84-E84 -> 1117800.6 | H84: 296764.82 | I84: 1225915.8 | J84: =IF($I$214>0,I84/$I$214,0)*100 -> 0.15997912 | K84: =C84-I84 -> 1133143.8
A85: Vigilância Epidemiológica | B85: 4056000 | C85: 4365377.6 | D85: 562284.59 | E85: 2831478.2 | F85: =IF($E$214>0,E85/$E$214,0)*100 -> 0.28770375 | G85: =C85-E85 -> 1533899.3 | H85: 610972.95 | I85: 2737965 | J85: =IF($I$214>0,I85/$I$214,0)*100 -> 0.35729797 | K85: =C85-I85 -> 1627412.6
A86: Alimentação e Nutrição | F86: =IF($E$214>0,E86/$E$214,0)*100 -> 0 | G86: =C86-E86 -> 0 | J86: =IF($I$214>0,I86/$I$214,0)*100 -> 0 | K86: =C86-I86 -> 0
A87: Administração Geral | B87: 62577500 | C87: 63139440 | D87: 1815157.5 | E87: 53641341 | F87: =IF($E$214>0,E87/$E$214,0)*100 -> 5.4504443 | G87: =C87-E87 -> 9498099.7 | H87: 11333220 | I87: 41095838 | J87: =IF($I$214>0,I87/$I$214,0)*100 -> 5.3629099 | K87: =C87-I87 -> 22043602
A88: Demais Subfunções | F88: =IF($E$214>0,E88/$E$214,0)*100 -> 0 | G88: =C88-E88 -> 0 | J88: =IF($I$214>0,I88/$I$214,0)*100 -> 0 | K88: =C88-I88 -> 0
A89: TRABALHO | B89: =SUM(B90:B95) -> 0 | C89: =SUM(C90:C95) -> 0 | D89: =SUM(D90:D95) -> 0 | E89: =SUM(E90:E95) -> 0 | F89: =IF($E$214>0,E89/$E$214,0)*100 -> 0 | G89: =SUM(G90:G95) -> 0 | H89: =SUM(H90:H95) -> 0 | I89: =SUM(I90:I95) -> 0 | J89: =IF($I$214>0,I89/$I$214,0)*100 -> 0 | K89: =SUM(K90:K95) -> 0 | L89: =SUM(L90:L95) -> 0
A90: Proteção e Benefícios ao Trabalhador | F90: =IF($E$214>0,E90/$E$214,0)*100 -> 0 | G90: =C90-E90 -> 0 | J90: =IF($I$214>0,I90/$I$214,0)*100 -> 0 | K90: =C90-I90 -> 0
A91: Relações de Trabalho | F91: =IF($E$214>0,E91/$E$214,0)*100 -> 0 | G91: =C91-E91 -> 0 | J91: =IF($I$214>0,I91/$I$214,0)*100 -> 0 | K91: =C91-I91 -> 0
A92: Empregabilidade | F92: =IF($E$214>0,E92/$E$214,0)*100 -> 0 | G92: =C92-E92 -> 0 | J92: =IF($I$214>0,I92/$I$214,0)*100 -> 0 | K92: =C92-I92 -> 0
A93: Fomento ao Trabalho | F93: =IF($E$214>0,E93/$E$214,0)*100 -> 0 | G93: =C93-E93 -> 0 | J93: =IF($I$214>0,I93/$I$214,0)*100 -> 0 | K93: =C93-I93 -> 0
A94: Administração Geral | F94: =IF($E$214>0,E94/$E$214,0)*100 -> 0 | G94: =C94-E94 -> 0 | J94: =IF($I$214>0,I94/$I$214,0)*100 -> 0 | K94: =C94-I94 -> 0
A95: Demais Subfunções | F95: =IF($E$214>0,E95/$E$214,0)*100 -> 0 | G95: =C95-E95 -> 0 | J95: =IF($I$214>0,I95/$I$214,0)*100 -> 0 | K95: =C95-I95 -> 0
A96: EDUCAÇÃO | B96: =SUM(B97:B106) -> 244604100 | C96: =SUM(C97:C106) -> 3.7000338e+08 | D96: =SUM(D97:D106) -> 90938413 | E96: =SUM(E97:E106) -> 2.4233065e+08 | F96: =IF($E$214>0,E96/$E$214,0)*100 -> 24.622981 | G96: =SUM(G97:G106) -> 1.2767272e+08 | H96: =SUM(H97:H106) -> 51515913 | I96: =SUM(I97:I106) -> 1.5929227e+08 | J96: =IF($I$214>0,I96/$I$214,0)*100 -> 20.787265 | K96: =SUM(K97:K106) -> 2.1071111e+08 | L96: =SUM(L97:L106) -> 0
A97: Ensino Fundamental | B97: 127000500 | C97: 2.0460916e+08 | D97: 53156896 | E97: 1.2392417e+08 | F97: =IF($E$214>0,E97/$E$214,0)*100 -> 12.591814 | G97: =C97-E97 -> 80684993 | H97: 27362661 | I97: 80231396 | J97: =IF($I$214>0,I97/$I$214,0)*100 -> 10.470008 | K97: =C97-I97 -> 1.2437776e+08
A98: Ensino Médio | B98: 7066000 | C98: 8043098 | D98: 3647486.3 | E98: 6857942.4 | F98: =IF($E$214>0,E98/$E$214,0)*100 -> 0.69682884 | G98: =C98-E98 -> 1185155.6 | H98: 1384630.7 | I98: 2931865.7 | J98: =IF($I$214>0,I98/$I$214,0)*100 -> 0.38260155 | K98: =C98-I98 -> 5111232.3
A99: Ensino Profissional | B99: 7997000 | C99: 12137000 | D99: 1896808.6 | E99: 8650742.6 | F99: =IF($E$214>0,E99/$E$214,0)*100 -> 0.87899352 | G99: =C99-E99 -> 3486257.4 | H99: 1918929.1 | I99: 7308432.1 | J99: =IF($I$214>0,I99/$I$214,0)*100 -> 0.95373314 | K99: =C99-I99 -> 4828567.9
A100: Ensino Superior | B100: 180100 | C100: 180000 | D100: 32107.49 | E100: 102471.99 | F100: =IF($E$214>0,E100/$E$214,0)*100 -> 0.010412079 | G100: =C100-E100 -> 77528.01 | H100: 32107.49 | I100: 102471.99 | J100: =IF($I$214>0,I100/$I$214,0)*100 -> 0.013372353 | K100: =C100-I100 -> 77528.01
A101: Educação Infantil | B101: 98085500 | C101: 1.4046444e+08 | D101: 31572077 | E101: 99892624 | F101: =IF($E$214>0,E101/$E$214,0)*100 -> 10.149992 | G101: =C101-E101 -> 40571813 | H101: 20222660 | I101: 66713424 | J101: =IF($I$214>0,I101/$I$214,0)*100 -> 8.7059443 | K101: =C101-I101 -> 73751013
A102: Educação de Jovens e Adultos | B102: 980000 | C102: 985073.6 | D102: 287035.33 | E102: 414528.17 | F102: =IF($E$214>0,E102/$E$214,0)*100 -> 0.042119803 | G102: =C102-E102 -> 570545.43 | H102: 123564.36 | I102: 216601.1 | J102: =IF($I$214>0,I102/$I$214,0)*100 -> 0.028265932 | K102: =C102-I102 -> 768472.5
A103: Educação Especial | B103: 3295000 | C103: 3584608.4 | D103: 346002.75 | E103: 2488175.7 | F103: =IF($E$214>0,E103/$E$214,0)*100 -> 0.2528211 | G103: =C103-E103 -> 1096432.7 | H103: 471360.12 | I103: 1788078.9 | J103: =IF($I$214>0,I103/$I$214,0)*100 -> 0.23334007 | K103: =C103-I103 -> 1796529.5
A104: Educação Básica | F104: =IF($E$214>0,E104/$E$214,0)*100 -> 0 | G104: =C104-E104 -> 0 | J104: =IF($I$214>0,I104/$I$214,0)*100 -> 0 | K104: =C104-I104 -> 0
...

Sheet RREO-Anexo 03
A2: PREFEITURA MUNICIPAL DE INDAIATUBA
A3: Av. Eng. Fabio R. Barnabe, 2800 - Jd. Esplanada II
A4: C.N.P.J. 44.733.608/0001-09
A5: Telefone: (19) 3834-9000
A6: Tabela 3 - Demonstrativo da Receita Corrente Líquida
A8: PREFEITURA MUNICIPAL DE INDAIATUBA
A9: RELATÓRIO RESUMIDO DA EXECUÇÃO ORÇAMENTÁRIA
A10: DEMONSTRATIVO DA RECEITA CORRENTE LÍQUIDA
A11: ORÇAMENTOS FISCAL E DA SEGURIDADE SOCIAL
A12: EXERCÍCIO: 2021
A13: Período: 4º Bimestre | B13: =IF(IFERROR(SEARCH("SEMESTRE",A13,1),0)>0,"Semestre",IF(IFERROR(SEARCH("QUADRIMESTRE",A13,1),0)>0,"Quadrimestre",IF(IFERROR(SEARCH("TRIMESTRE",A13,1),0)>0,"Trimestre",IF(IFERROR(SEARCH("BIMESTRE",A13,1),0)>0,"Bimestre","Mês")))) -> Bimestre
A18: RREO - Anexo 3 (LRF, Art. 53, inciso I) | O18: Em Reais
B19: EVOLUÇÃO DA RECEITA REALIZADA NOS ÚLTIMOS 12 MESES | N19: TOTAL | O19: PREVISÃO
A20: ESPECIFICAÇÃO | N20: (ÚLTIMOS | O20: ATUALIZADA
B21: <MR–11> | C21: <MR–10> | D21: <MR–9> | E21: <MR–8> | F21: <MR–7> | G21: <MR–6> | H21: <MR–5> | I21: <MR–4> | J21: <MR–3> | K21: <MR–2> | L21: <MR–1> | M21: <MR> | N21: 12 MESES) | O21: <EXERCÍCIO>
A22: RECEITAS CORRENTES (I) | B22: =B23+B29+B30+B33+B34+B35+B36+B45 -> 1.0704332e+08 | C22: =C23+C29+C30+C33+C34+C35+C36+C45 -> 99033315 | D22: =D23+D29+D30+D33+D34+D35+D36+D45 -> 1.0192294e+08 | E22: =E23+E29+E30+E33+E34+E35+E36+E45 -> 1.3999476e+08 | F22: =F23+F29+F30+F33+F34+F35+F36+F45 -> 1.2437051e+08 | G22: =G23+G29+G30+G33+G34+G35+G36+G45 -> 1.0199949e+08 | H22: =H23+H29+H30+H33+H34+H35+H36+H45 -> 1.843126e+08 | I22: =I23+I29+I30+I33+I34+I35+I36+I45 -> 98777227 | ... M22: =M23+M29+M30+M33+M34+M35+M36+M45 -> 1.2676984e+08 | N22: =SUM(B22:M22) -> 1.4312347e+09 | O22: =O23+O29+O30+O33+O34+O35+O36+O45 -> 1.2823445e+09
A23: Impostos, Taxas e Contribuições de Melhoria | B23: =SUM(B24:B28) -> 30357574 | C23: =SUM(C24:C28) -> 28912494 | D23: =SUM(D24:D28) -> 32305148 | E23: =SUM(E24:E28) -> 40364621 | F23: =SUM(F24:F28) -> 21745554 | G23: =SUM(G24:G28) -> 26989701 | H23: =SUM(H24:H28) -> 77393203 | I23: =SUM(I24:I28) -> 31470951 | ... M23: =SUM(M24:M28) -> 37283686 | N23: =SUM(B23:M23) -> 4.2840065e+08 | O23: =SUM(O24:O28) -> 351012000
A24: IPTU | B24: 9216919.4 | C24: 9055818 | D24: 8984619.2 | E24: 11690280 | F24: 3384513.6 | G24: 9105209.7 | H24: 44993461 | I24: 9771095.2 | J24: 10620707 | K24: 11077378 | L24: 10882763 | M24: 10301626 | N24: =SUM(B24:M24) -> 1.4908439e+08 | O24: 130330000
A25: ISS | B25: 9731098.7 | C25: 9047579.6 | D25: 10112587 | E25: 10027385 | F25: 10416026 | G25: 8828357.8 | H25: 10378796 | I25: 9631667.4 | J25: 8960748.8 | K25: 9608259.4 | L25: 11443863 | M25: 11583220 | N25: =SUM(B25:M25) -> 1.1976959e+08 | O25: 95380000
A26: ITBI | B26: 5249031.2 | C26: 5180775.9 | D26: 5371747.1 | E26: 5887294.6 | F26: 3878841.4 | G26: 4881095.3 | H26: 6017302.1 | I26: 5611923.2 | J26: 6223210.5 | K26: 6198707.6 | L26: 6072918.1 | M26: 6903628 | N26: =SUM(B26:M26) -> 67476475 | O26: 50587000
A27: IRRF | B27: 3831518.4 | C27: 3318807.5 | D27: 5519383.6 | E27: 9599637.2 | F27: 2485203.5 | G27: 1742688.1 | H27: 3326991.4 | I27: 3605713.3 | J27: 3542567 | K27: 3533703.4 | L27: 3456968.5 | M27: 5423027.3 | N27: =SUM(B27:M27) -> 49386209 | O27: 41033000
A28: Outros Impostos, Taxas e Contribuições de Melhoria | B28: 2329006.2 | C28: 2309513 | D28: 2316810.9 | E28: 3160023.1 | F28: 1580970.2 | G28: 2432349.6 | H28: 12676653 | I28: 2850551.4 | J28: 3166034.7 | K28: 3509554 | L28: 3280333.3 | M28: 3072185 | N28: =SUM(B28:M28) -> 42683984 | O28: 33682000
A29: Receita de Contribuições | B29: 5350234.7 | C29: 5428942.3 | D29: 5438175.3 | E29: 11523333 | F29: 1667298.9 | G29: 5363798.5 | H29: 7510142.2 | I29: 4670625.2 | J29: 5460958.3 | K29: 6374561.2 | L29: 5546320.2 | M29: 5567569.5 | N29: =SUM(B29:M29) -> 69901960 | O29: 72723300
A30: Receita Patrimonial | B30: =SUM(B31:B32) -> -65342.4 | C30: =SUM(C31:C32) -> 604908.07 | D30: =SUM(D31:D32) -> 582604.01 | E30: =SUM(E31:E32) -> 3657178.8 | F30: =SUM(F31:F32) -> 892379.77 | G30: =SUM(G31:G32) -> 445285.45 | H30: =SUM(H31:H32) -> 923401.75 | I30: =SUM(I31:I32) -> 1022966.8 | ... M30: =SUM(M31:M32) -> 3090492.7 | N30: =SUM(B30:M30) -> 17419413 | O30: =SUM(O31:O32) -> 19372000
A31: Rendimentos de Aplicação Financeira | B31: -143264.23 | C31: 510441.77 | D31: 500054.1 | E31: 3389207.6 | F31: 757522.62 | G31: 354918.34 | H31: 800945.6 | I31: 934663.54 | J31: 1435610.7 | K31: 1678842.4 | L31: 2802146.9 | M31: 2839719.5 | N31: =SUM(B31:M31) -> 15860809 | O31: 18227000
A32: Outras Receitas Patrimoniais | B32: 77921.83 | C32: 94466.3 | D32: 82549.91 | E32: 267971.2 | F32: 134857.15 | G32: 90367.11 | H32: 122456.15 | I32: 88303.26 | J32: 99785.92 | K32: 97488.03 | L32: 151664.46 | M32: 250773.2 | N32: =SUM(B32:M32) -> 1558604.5 | O32: 1145000
A33: Receita Agropecuária | N33: =SUM(B33:M33) -> 0
A34: Receita Industrial | N34: =SUM(B34:M34) -> 0
A35: Receita de Serviços | B35: 10024133 | C35: 10312774 | D35: 11347575 | E35: 12218168 | F35: 10555433 | G35: 11158567 | H35: 11901918 | I35: 10308798 | J35: 11648603 | K35: 12167431 | L35: 11146568 | M35: 10758508 | N35: =SUM(B35:M35) -> 1.3354847e+08 | O35: 1.2936e+08
A36: Transferências Correntes | B36: =SUM(B37:B44) -> 60366953 | C36: =SUM(C37:C44) -> 52636973 | D36: =SUM(D37:D44) -> 50419770 | E36: =SUM(E37:E44) -> 70089584 | F36: =SUM(F37:F44) -> 87297480 | G36: =SUM(G37:G44) -> 55995926 | H36: =SUM(H37:H44) -> 84681269 | I36: =SUM(I37:I44) -> 50453401 | ... M36: =SUM(M37:M44) -> 68451908 | N36: =SUM(B36:M36) -> 7.6255388e+08 | O36: =SUM(O37:O44) -> 6.9848997e+08
A37: Cota-Parte do FPM | B37: 3732370.4 | C37: 5022264 | D37: 6656630.5 | E37: 9925550.2 | F37: 7222055.8 | G37: 9466284 | H37: 6345051.2 | I37: 6633270.3 | J37: 7972277.5 | K37: 6894782.1 | L37: 9420902 | M37: 7532311.7 | N37: =SUM(B37:M37) -> 86823750 | O37: 77050000
A38: Cota-Parte do ICMS | B38: 24703033 | C38: 23911628 | D38: 22083780 | E38: 31691353 | F38: 25129804 | G38: 16515041 | H38: 38175322 | I38: 21668350 | J38: 24739868 | K38: 28228758 | L38: 27213907 | M38: 33009246 | N38: =SUM(B38:M38) -> 3.1707009e+08 | O38: 303733000
A39: Cota-Parte do IPVA | B39: 3033421.4 | C39: 2546533.9 | D39: 2424027.2 | E39: 3523019.5 | F39: 30351743 | G39: 12508415 | H39: 9618604.8 | I39: 2756387.2 | J39: 2659989 | K39: 2601290.3 | L39: 2476467.2 | M39: 2387701.3 | N39: =SUM(B39:M39) -> 76887601 | O39: 66000000
A40: Cota-Parte do ITR | B40: 58103.78 | C40: 946945.07 | D40: 18479.32 | E40: 14581.04 | F40: 20609.3 | G40: 4189.29 | H40: 16970.34 | I40: 1362.8 | J40: 5363.45 | K40: 3003.5 | L40: 1494.62 | M40: 5429.87 | N40: =SUM(B40:M40) -> 1096532.4 | O40: 1000000
A41: Transferências da LC 87/1996 | B41: 0 | C41: 0 | D41: 0 | E41: 0 | F41: 0 | G41: 0 | H41: 0 | I41: 0 | J41: 0 | K41: 0 | L41: 0 | M41: 0 | N41: =SUM(B41:M41) -> 0 | O41: 5000
A42: Transferências da LC 61/1989 | B42: 189307.92 | C42: 208407.12 | D42: 201781.45 | E42: 254267.84 | F42: 225417.52 | G42: 187367.32 | H42: 198035.34 | I42: 224413.68 | J42: 194743.31 | K42: 203154.94 | L42: 220007.45 | M42: 175557.33 | N42: =SUM(B42:M42) -> 2482461.2 | O42: 1800000
A43: Transferências do FUNDEB | B43: 10791780 | C43: 10519593 | D43: 10014898 | E43: 14061062 | F43: 15674166 | G43: 9439656.2 | H43: 17554326 | I43: 9629880.4 | J43: 10442182 | K43: 12287502 | L43: 11594100 | M43: 14086445 | N43: =SUM(B43:M43) -> 1.4609559e+08 | O43: 133971000
A44: Outras Transferências Correntes | B44: 17858936 | C44: 9481601 | D44: 9020174.2 | E44: 10619750 | F44: 8673684.3 | G44: 7874973.5 | H44: 12772959 | I44: 9539736.1 | J44: 10454534 | K44: 11281823 | L44: 13264463 | M44: 11255217 | N44: =SUM(B44:M44) -> 1.3209785e+08 | O44: 1.1493097e+08
A45: Outras Receitas Correntes | B45: 1009763.5 | C45: 1137223.3 | D45: 1829672.1 | E45: 2141871.9 | F45: 2212366.2 | G45: 2046216.6 | H45: 1902666.3 | I45: 850485.39 | J45: 1889192.7 | K45: 1265887.4 | L45: 1507359.9 | M45: 1617673.2 | N45: =SUM(B45:M45) -> 19410378 | O45: 11387200
A46: DEDUÇÕES (II) | B46: =SUM(B47:B49) -> 9378175.1 | C46: =SUM(C47:C49) -> 9444897.2 | D46: =SUM(D47:D49) -> 9299065.9 | E46: =SUM(E47:E49) -> 17094740 | F46: =SUM(F47:F49) -> 12960969 | G46: =SUM(G47:G49) -> 10684447 | H46: =SUM(H47:H49) -> 13860697 | I46: =SUM(I47:I49) -> 9255520.6 | ... M46: =SUM(M47:M49) -> 11473941 | N46: =SUM(B46:M46) -> 1.342249e+08 | O46: =SUM(O47:O49) -> 123361000
A47: Contrib. do Servidor para o Plano de Previdência | B47: 2798698.4 | C47: 2799648.6 | D47: 2789973.9 | E47: 8138436.3 | F47: 371042.94 | G47: 2766444.5 | H47: 2749114.6 | I47: 2757977.6 | J47: 2741117.2 | K47: 2741688.5 | L47: 2735570.7 | M47: 2731265.7 | N47: =SUM(B47:M47) -> 36120979 | O47: 40000000
A48: Compensação Financ. entre Regimes Previdência | B48: 236270.1 | C48: 118092.97 | D48: 232152.48 | E48: 464304.96 | F48: 0 | G48: 181742.95 | H48: 240786.13 | I48: 240786.13 | J48: 240786.13 | K48: 230322.47 | L48: 197456.51 | M48: 120625.75 | N48: =SUM(B48:M48) -> 2503326.6 | O48: 3000000
A49: Dedução de Receita para Formação do FUNDEB | B49: 6343206.6 | C49: 6527155.7 | D49: 6276939.5 | E49: 8491998.9 | F49: 12589926 | G49: 7736259.3 | H49: 10870797 | I49: 6256756.8 | J49: 7114448.3 | K49: 7586197.7 | L49: 7184864 | M49: 8622049.1 | N49: =SUM(B49:M49) -> 95600599 | O49: 80361000
A50: RECEITA CORRENTE LÍQUIDA (III) = (I - II) | B50: =B22-B46 -> 97665140 | C50: =C22-C46 -> 89588417 | D50: =D22-D46 -> 92623879 | E50: =E22-E46 -> 1.2290002e+08 | F50: =F22-F46 -> 1.1140954e+08 | G50: =G22-G46 -> 91315048 | H50: =H22-H46 -> 1.704519e+08 | I50: =I22-I46 -> 89521706 | ... M50: =M22-M46 -> 1.152959e+08 | N50: =SUM(B50:M50) -> 1.2970098e+09 | O50: =O22-O46 -> 1.1589835e+09
A51: (-) Emendas individuais (art. 166-A, § 1º, da CF) (IV) | B51: 4.1 | C51: 7.48 | D51: 3.1 | E51: 4.53 | F51: 0 | G51: 6.89 | H51: 15.61 | I51: 27.06 | J51: 48.21 | K51: 164.41 | L51: 2000050.5 | M51: 343.13 | N51: =SUM(B51:M51) -> 2000675 | O51: 2267600
A52: RCL AJUSTADA P/ ENDIVIDAMENTO (V) = (III - IV) | B52: =B50-B51 -> 97665136 | C52: =C50-C51 -> 89588410 | D52: =D50-D51 -> 92623876 | E52: =E50-E51 -> 1.2290001e+08 | F52: =F50-F51 -> 1.1140954e+08 | G52: =G50-G51 -> 91315041 | H52: =H50-H51 -> 1.7045189e+08 | I52: =I50-I51 -> 89521679 | ... O52: =O50-O51 -> 1.1567159e+09
A53: (-) Emendas de bancada (art. 166, § 16, da CF) (VI) | N53: =SUM(B53:M53) -> 0
A54: RCL AJUSTADA P/ DESPESA COM PESSOAL (VII) = (V - VI) | B54: =B52-B53 -> 97665136 | C54: =C52-C53 -> 89588410 | D54: =D52-D53 -> 92623876 | E54: =E52-E53 -> 1.2290001e+08 | F54: =F52-F53 -> 1.1140954e+08 | G54: =G52-G53 -> 91315041 | H54: =H52-H53 -> 1.7045189e+08 | I54: =I52-I53 -> 89521679 | ... O54: =O52-O53 -> 1.1567159e+09
A55: FONTE: Sistema CECAM, Unidade Responsável: CONTABILIDADE. Emissão: 14/09/2021, às 08:27:21. Assinado Digitalmente no dia 14/09/2021, às 08:27:21.
A56: NOTA EXPLICATIVA: Nos valores da linha "Rendimentos de Aplicação Financeira" não foram computados os rendimentos de aplicação financeira do RPPS, para não prejudicar a apuração do percentual dos limites do RREO e RGF, uma vez que se tratam de recursos vinculados e exclusivos que somente poderão ser utilizados para pagamento de benefícios previdenciários.
A58: Considerando a destinação específica dada aos recursos vinculados ao RPPS na Lei 9.717/98, entendemos que os ganhos com aplicação financeira registrados pelo RPPS devem ser deduzidos da RCL, pois do contrário esta variável aumentará, dando, de maneira indevida, uma margem maior para endividamento e gastos com pessoal aos entes municipais.
A62: NILSON ALCIDES GASPAR | F62: MARIANA ALVES RIZATO | L62: LUIS HENRIQUE BORTOLETTO
A63: PREFEITO MUNICIPAL | F63: CONTADORA | L63: COORDENADOR DE SERVIÇOS DE CONTABILIDADE

Sheet RREO-Anexo 04
A2: PREFEITURA MUNICIPAL DE INDAIATUBA
A3: Av. Eng. Fabio R. Barnabe, 2800 - Jd. Esplanada II
A4: C.N.P.J. 44.733.608/0001-09
A5: Telefone: (19) 3834-9000
A6: Tabela 4 - Demonstrativo das Receitas e Despesas Previdenciárias do Regime Próprio de Previdência dos Servidores
A8: PREFEITURA MUNICIPAL DE INDAIATUBA
A9: RELATÓRIO RESUMIDO DA EXECUÇÃO ORÇAMENTÁRIA
A10: DEMONSTRATIVO DAS RECEITAS E DESPESAS PREVIDENCIÁRIAS DO REGIME PRÓPRIO DE PREVIDÊNCIA DOS SERVIDORES
A11: ORÇAMENTO DA SEGURIDADE SOCIAL
A12: EXERCÍCIO: 2021
A13: Período: 4º Bimestre | B13: =IF(IFERROR(SEARCH("SEMESTRE",A13,1),0)>0,"Semestre",IF(IFERROR(SEARCH("QUADRIMESTRE",A13,1),0)>0,"Quadrimestre",IF(IFERROR(SEARCH("TRIMESTRE",A13,1),0)>0,"Trimestre",IF(IFERROR(SEARCH("BIMESTRE",A13,1),0)>0,"Bimestre","Mês")))) -> Bimestre
A17: RREO - Anexo 4 (LRF, Art. 53, inciso II) | C17: Em Reais
B18: PREVISÃO ATUALIZADA | C18: RECEITAS REALIZADAS
A19: RECEITAS - PLANO PREVIDENCIÁRIO
A21: RECEITAS CORRENTES (I) | B21: =B22+B26+B30+B34+B35 -> 116280000 | C21: =C22+C26+C30+C34+C35 -> 67667166
A22: Receita de Contribuições dos Segurados | B22: =SUM(B23:B25) -> 40000000 | C22: =SUM(C23:C25) -> 19594222
A23: Ativo | B23: 38780000 | C23: 18489143
A24: Inativo | B24: 1130000 | C24: 1058161.9
A25: Pensionista | B25: 90000 | C25: 46917.3
A26: Receita de Contribuições Patronais | B26: =SUM(B27:B29) -> 61757000 | C26: =SUM(C27:C29) -> 29990091
A27: Ativo | B27: 61757000 | C27: 29990091
A28: Inativo
A29: Pensionista
A30: Receita Patrimonial | B30: =SUM(B31:B33) -> 11509000 | C30: =SUM(C31:C33) -> 16617889
A31: Receitas Imobiliárias
A32: Receitas de Valores Mobiliários | B32: 11509000 | C32: 16617889
A33: Outras Receitas Patrimoniais
A34: Receita de Serviços
A35: Outras Receitas Correntes | B35: =SUM(B36:B38) -> 3014000 | C35: =SUM(C36:C38) -> 1464963.7
A36: Compensação Previdenciária do RGPS para o RPPS | B36: 3000000 | C36: 1452506.1
A37: Receita de Aporte Periódico de Valores Predefinidos (II)
A38: Demais Receitas Correntes | B38: 14000 | C38: 12457.58
A39: RECEITAS DE CAPITAL (III) | B39: =SUM(B40:B42) -> 0 | C39: =SUM(C40:C42) -> 0
A40: Alienação de Bens, Direitos e Ativos
A41: Amortização de Empréstimos
A42: Outras Receitas de Capital
A43: TOTAL DAS RECEITAS PREVIDENCIÁRIAS RPPS - (IV) = (I + III - II) | B43: =B21+B39 -> 116280000 | C43: =C21+C39 -> 67667166
A49: DESPESAS - PLANO PREVIDENCIÁRIO | B49: DOTAÇÃO ATUALIZADA | C49: DESPESA EMPENHADA | D49: DESPESA LIQUIDADA | E49: DESPESA PAGA | F49: INSCRITAS EM RESTOS A PAGAR NÃO PROCESSADOS
A52: Benefícios | B52: =SUM(B53:B54) -> 90160000 | C52: =SUM(C53:C54) -> 54269844 | D52: =SUM(D53:D54) -> 54269844 | E52: =SUM(E53:E54) -> 47682323 | F52: =SUM(F53:F54) -> 0
A53: Aposentadorias | B53: 79160000 | C53: 48238773 | D53: 48238773 | E53: 42361355
A54: Pensões | B54: 11000000 | C54: 6031071.4 | D54: 6031071.4 | E54: 5320967.7
A55: Outras Despesas Previdenciárias | B55: =SUM(B56:B57) -> 5960000 | C55: =SUM(C56:C57) -> 2932829.2 | D55: =SUM(D56:D57) -> 2701262.1 | E55: =SUM(E56:E57) -> 2543946.3 | F55: =SUM(F56:F57) -> 0
A56: Compensação Previdenciária do RPPS para o RGPS
A57: Demais Despesas Previdenciárias | B57: 5960000 | C57: 2932829.2 | D57: 2701262.1 | E57: 2543946.3
A58: TOTAL DAS DESPESAS PREVIDENCIÁRIAS RPPS (V) | B58: =B52+B55 -> 96120000 | C58: =C52+C55 -> 57202673 | D58: =D52+D55 -> 56971106 | E58: =E52+E55 -> 50226269 | F58: =F52+F55 -> 0
A59: RESULTADO PREVIDENCIÁRIO (VI) = (IV - V) | B59: =B43-B58 -> 20160000 | C59: =C43-C58 -> 10464493 | D59: =C43-D58 -> 10696060 | E59: =C43-E58 -> 17440897
A68: RECURSOS ARRECADADOS EM EXERCÍCIOS ANTERIORES - PLANO PREVIDENCIÁRIO | B68: PREVISÃO ORÇAMENTÁRIA
A69: VALOR
A77: RESERVA ORÇAMENTÁRIA DO RPPS - PLANO PREVIDENCIÁRIO | B77: PREVISÃO ORÇAMENTÁRIA
A78: VALOR | B78: 25470000
A84: APORTES DE RECURSOS PARA O RPPS - PLANO PREVIDENCIÁRIO | B84: APORTES REALIZADOS
A87: Plano de Amortização - Contribuição Patronal Suplementar
A88: Plano de Amortização - Aporte Periódico de Valores Predefinidos
A89: Outros Aportes para o RPPS
A90: Recursos para Cobertura de Déficit Financeiro
A97: BENS E DIREITOS DO RPPS - PLANO PREVIDENCIÁRIO | B97: SALDO ATUAL
A99: Caixa e Equivalente de Caixa | B99: 7988.07
A100: Investimentos e Aplicações | B100: 1.3791374e+09
A101: Outros Bens e Direitos | B101: 2.4301407e+08
B107: PREVISÃO ATUALIZADA | C107: RECEITAS REALIZADAS
A108: RECEITAS - PLANO FINANCEIRO
A110: RECEITAS CORRENTES (VII) | B110: =B111+B115+B119+B123+B124 -> 0 | C110: =C111+C115+C119+C123+C124 -> 0
A111: Receita de Contribuições dos Segurados | B111: =SUM(B112:B114) -> 0 | C111: =SUM(C112:C114) -> 0
A112: Ativo
A113: Inativo
A114: Pensionista
A115: Receita de Contribuições Patronais | B115: =SUM(B116:B118) -> 0 | C115: =SUM(C116:C118) -> 0
A116: Ativo
A117: Inativo
A118: Pensionista
A119: Receita Patrimonial | B119: =SUM(B120:B122) -> 0 | C119: =SUM(C120:C122) -> 0
A120: Receitas Imobiliárias
A121: Receitas de Valores Mobiliários
A122: Outras Receitas Patrimoniais
A123: Receita de Serviços
A124: Outras Receitas Correntes | B124: =SUM(B125:B126) -> 0 | C124: =SUM(C125:C126) -> 0
A125: Compensação Previdenciária do RGPS para o RPPS
A126: Demais Receitas Correntes
A127: RECEITAS DE CAPITAL (VIII) | B127: =SUM(B128:B130) -> 0 | C127: =SUM(C128:C130) -> 0
A128: Alienação de Bens, Direitos e Ativos
A129: Amortização de Empréstimos
A130: Outras Receitas de Capital
A131: TOTAL DAS RECEITAS PREVIDENCIÁRIAS RPPS - (IX) = (VII + VIII) | B131: =B110+B127 -> 0 | C131: =C110+C127 -> 0
A137: DESPESAS - PLANO FINANCEIRO | B137: DOTAÇÃO ATUALIZADA | C137: DESPESA EMPENHADA | D137: DESPESA LIQUIDADA | E137: DESPESA PAGA | F137: INSCRITAS EM RESTOS A PAGAR NÃO PROCESSADOS
A140: Benefícios | B140: =SUM(B141:B143) -> 0 | C140: =SUM(C141:C143) -> 0 | D140: =SUM(D141:D143) -> 0 | E140: =SUM(E141:E143) -> 0 | F140: =SUM(F141:F143) -> 0
A141: Aposentadorias
A142: Pensões
A143: Outras Despesas Previdenciárias | B143: =SUM(B144:B145) -> 0 | C143: =SUM(C144:C145) -> 0 | D143: =SUM(D144:D144) -> 0 | E143: =SUM(E144:E145) -> 0 | F143: =SUM(F144:F145) -> 0
A144: Compensação Previdenciária do RPPS para o RGPS
A145: Demais Despesas Previdenciárias
A146: TOTAL DAS DESPESAS PREVIDENCIÁRIAS RPPS (X) | B146: =B140+B143 -> 0 | C146: =C140+C143 -> 0 | D146: =D140+D143 -> 0 | E146: =E140+E143 -> 0 | F146: =F140+F143 -> 0
A147: RESULTADO PREVIDENCIÁRIO (XI) = (IX – X) | B147: =B131-B146 -> 0 | C147: =C131-C146 -> 0 | D147: =C131-D146 -> 0 | E147: =C131-E146 -> 0
A153: APORTES DE RECURSOS PARA O RPPS - PLANO FINANCEIRO | B153: APORTES REALIZADOS
A156: Recursos para Cobertura de Insuficiências Financeiras
A157: Recursos para Formação de Reserva
B163: PREVISÃO ATUALIZADA | C163: RECEITAS REALIZADAS
A164: RECEITAS DA ADMINISTRAÇÃO DO RPPS
A166: RECEITAS CORRENTES
A167: TOTAL DAS RECEITAS DA ADMINISTRAÇÃO DO RPPS - (XII) | B167: =B166 -> 0 | C167: =C166 -> 0
A173: DESPESA DA ADMINISTRAÇÃO DO RPPS | B173: DOTAÇÃO ATUALIZADA | C173: DESPESA EMPENHADA | D173: DESPESA LIQUIDADA | E173: DESPESA PAGA | F173: INSCRITAS EM RESTOS A PAGAR NÃO PROCESSADOS
...

Sheet RREO-Anexo 06
A2: PREFEITURA MUNICIPAL DE INDAIATUBA
A3: Av. Eng. Fabio R. Barnabe, 2800 - Jd. Esplanada II
A4: C.N.P.J. 44.733.608/0001-09
A5: Telefone: (19) 3834-9000
A6: Tabela 6 - Demonstrativo do Resultado Primário
A8: PREFEITURA MUNICIPAL DE INDAIATUBA
A9: RELATÓRIO RESUMIDO DA EXECUÇÃO ORÇAMENTÁRIA
A10: DEMONSTRATIVO DOS RESULTADOS PRIMÁRIO E NOMINAL - ESTADOS, DISTRITO FEDERAL E MUNICÍPIOS
A11: ORÇAMENTOS FISCAL E DA SEGURIDADE SOCIAL
A12: EXERCÍCIO: 2021
A13: Período: 4º Bimestre | B13: =IF(IFERROR(SEARCH("SEMESTRE",A13,1),0)>0,"Semestre",IF(IFERROR(SEARCH("QUADRIMESTRE",A13,1),0)>0,"Quadrimestre",IF(IFERROR(SEARCH("TRIMESTRE",A13,1),0)>0,"Trimestre",IF(IFERROR(SEARCH("BIMESTRE",A13,1),0)>0,"Bimestre","Mês")))) -> Bimestre
A18: RREO - ANEXO 6 (LRF, art 53, inciso III) | C18: Em reais
B19: PREVISÃO ATUALIZADA | C19: RECEITAS REALIZADAS
A20: RECEITAS PRIMÁRIAS
A22: RECEITAS CORRENTES (I) | B22: =B23+B29+B30+B33+B42 -> 1.2019835e+09 | C22: =C23+C29+C30+C33+C42 -> 9.3189701e+08
A23: Impostos, Taxas e Contribuições de Melhoria | B23: =SUM(B24:B28) -> 351012000 | C23: =SUM(C24:C28) -> 2.9646081e+08
A24: IPTU | B24: 130330000 | C24: 1.1013675e+08
A25: ISS | B25: 95380000 | C25: 80850937
A26: ITBI | B26: 50587000 | C26: 45787626
A27: IRRF | B27: 41033000 | C27: 27116863
A28: Outros Impostos, Taxas e Contribuições de Melhoria | B28: 33682000 | C28: 32568631
A29: Contribuições | B29: 72723300 | C29: 42161274
A30: Receita Patrimonial | B30: =SUM(B31:B32) -> 19372000 | C30: =SUM(C31:C32) -> 29257954
A31: Aplicações Financeiras (II) | B31: 18227000 | C31: 28222259
A32: Outras Receitas Patrimoniais | B32: 1145000 | C32: 1035695.3
A33: Transferências Correntes | B33: =SUM(B34:B41) -> 6.1812897e+08 | C33: =SUM(C34:C41) -> 4.610793e+08
A34: Cota-Parte do FPM | B34: 62850000 | C34: 49871240
A35: Cota-Parte do ICMS | B35: 251333000 | C35: 1.7174424e+08
A36: Cota-Parte do IPVA | B36: 52800000 | C36: 52282619
A37: Cota-Parte do ITR | B37: 800000 | C37: 46738.63
A38: Transferências da LC 87/1996 | B38: 4000 | C38: 0
A39: Transferências da LC nº 61/1989 | B39: 1440000 | C39: 1308816.8
A40: Transferências do FUNDEB | B40: 133971000 | C40: 1.0070826e+08
A41: Outras Transferências Correntes | B41: 1.1493097e+08 | C41: 85117390
A42: Demais Receitas Correntes | B42: =SUM(B43:B44) -> 1.407472e+08 | C42: =SUM(C43:C44) -> 1.0293767e+08
A43: Outras Receitas Financeiras (III)
A44: Receitas Correntes Restantes | B44: 1.407472e+08 | C44: 1.0293767e+08
A45: RECEITAS PRIMÁRIAS CORRENTES (IV) = (I - II - III) | B45: =B22-B31-B43 -> 1.1837565e+09 | C45: =C22-C31-C43 -> 9.0367475e+08
A46: RECEITAS DE CAPITAL (V) | B46: =B47+B48+B49+B53+B56 -> 5271606.7 | C46: =C47+C48+C49+C53+C56 -> 3196379.1
A47: Operações de Crédito (VI)
A48: Amortização de Empréstimos (VII)
A49: Alienação de Bens | B49: =SUM(B50:B52) -> 2773500 | C49: =SUM(C50:C52) -> 2386579.6
A50: Receitas de Alienação de Investimentos Temporários (VIII)
A51: Receitas de Alienação de Investimentos Permanentes (IX)
A52: Outras Alienações de Bens | B52: 2773500 | C52: 2386579.6
A53: Transferências de Capital | B53: =SUM(B54:B55) -> 2498106.7 | C53: =SUM(C54:C55) -> 809799.48
A54: Convênios | B54: 2230506.7 | C54: 401910.7
A55: Outras Transferências de Capital | B55: 267600 | C55: 407888.78
A56: Outras Receitas de Capital | B56: =SUM(B57:B58) -> 0 | C56: =SUM(C57:C58) -> 0
A57: Outras Receitas de Capital Não Primárias (X)
A58: Outras Receitas de Capital Primárias
A59: RECEITAS PRIMÁRIAS DE CAPITAL (XI) = (V - VI - VII - VIII - IX - X) | B59: =B46-B47-B48-B50-B51-B57 -> 5271606.7 | C59: =C46-C47-C48-C50-C51-C57 -> 3196379.1
A60: RECEITA PRIMÁRIA TOTAL (XII) = (IV + XI) | B60: =B45+B59 -> 1.1890281e+09 | C60: =C45+C59 -> 9.0687113e+08
A66: DESPESAS PRIMÁRIAS | B66: DOTAÇÃO ATUALIZADA | C66: =IF(IFERROR(FIND("TRIMESTRE",A13,1),0)>0,"Até o Trimestre",IF(IFERROR(FIND("BIMESTRE",A13,1),0)>0,"Até o Bimestre","Até o Mês")) -> Até o Mês
C67: DESPESAS EMPENHADAS | D67: DESPESAS LIQUIDADAS | E67: DESPESAS PAGAS (a) | F67: RESTOS A PAGAR PROCESSADOS PAGOS (b) | G67: RESTOS A PAGAR NÃO PROCESSADOS
G70: LIQUIDADOS | H70: PAGOS (c)
A71: DESPESAS CORRENTES (XIII) | B71: =SUM(B72:B74) -> 1.1926488e+09 | C71: =SUM(C72:C74) -> 8.4551832e+08 | D71: =SUM(D72:D74) -> 6.7789264e+08 | E71: =SUM(E72:E74) -> 6.2156067e+08 | F71: =SUM(F72:F74) -> 13668637 | G71: =SUM(G72:G74) -> 43137618 | H71: =SUM(H72:H74) -> 43120791
A72: Pessoal e Encargos Sociais | B72: 5.062468e+08 | C72: 3.1155452e+08 | D72: 3.1145111e+08 | E72: 2.7613318e+08 | F72: 6361986.4 | G72: 28728.22 | H72: 28728.22
A73: Juros e Encargos da Dívida (XIV) | B73: 6000100 | C73: 2550858.9 | D73: 2550858.9 | E73: 2550858.9 | F73: 0 | G73: 0 | H73: 0
A74: Outras Despesas Correntes | B74: 6.8040188e+08 | C74: 5.3141294e+08 | D74: 3.6389067e+08 | E74: 3.4287663e+08 | F74: 7306651.1 | G74: 43108890 | H74: 43092063
A75: DESPESAS PRIMÁRIAS CORRENTES (XV) = (XIII - XIV) | B75: =B71-B73 -> 1.1866487e+09 | C75: =C71-C73 -> 8.4296746e+08 | D75: =D71-D73 -> 6.7534178e+08 | E75: =E71-E73 -> 6.1900981e+08 | F75: =F71-F73 -> 13668637 | G75: =G71-G73 -> 43137618 | H75: =H71-H73 -> 43120791
A76: DESPESAS DE CAPITAL (XVI) | B76: =B77+B78+B83 -> 1.3255768e+08 | C76: =C77+C78+C83 -> 78634157 | D76: =D77+D78+D83 -> 29309315 | E76: =E77+E78+E83 -> 25919469 | F76: =F77+F78+F83 -> 1031497.9 | G76: =G77+G78+G83 -> 14262849 | H76: =H77+H78+H83 -> 14157549
A77: Investimentos | B77: 1.2305758e+08 | C77: 70679500 | D77: 21354658 | E77: 17964811 | F77: 1031497.9 | G77: 14262849 | H77: 14157549
A78: Inversões Financeiras | B78: =SUM(B79:B82) -> 0 | C78: =SUM(C79:C82) -> 0 | D78: =SUM(D79:D82) -> 0 | E78: =SUM(E79:E82) -> 0 | F78: =SUM(F79:F82) -> 0 | G78: =SUM(G79:G82) -> 0 | H78: =SUM(H79:H82) -> 0
A79: Concessão de Empréstimos e Financiamentos (XVII)
A80: Aquisição de Título de Capital já Integralizado (XVIII)
A81: Aquisição de Título de Crédito (XIX)
A82: Demais Inversões Financeiras
A83: Amortização da Dívida (XX) | B83: 9500100 | C83: 7954657.6 | D83: 7954657.6 | E83: 7954657.6 | F83: 0 | G83: 0 | H83: 0
A84: DESPESAS PRIMÁRIAS DE CAPITAL (XXI) = (XVI - XVII - XVIII - XIX - XX) | B84: =B76-B79-B80-B81-B83 -> 1.2305758e+08 | C84: =C76-C79-C80-C81-C83 -> 70679500 | D84: =D76-D79-D80-D81-D83 -> 21354658 | E84: =E76-E79-E80-E81-E83 -> 17964811 | F84: =F76-F79-F80-F81-F83 -> 1031497.9 | G84: =G76-G79-G80-G81-G83 -> 14262849 | H84: =H76-H79-H80-H81-H83 -> 14157549
A85: RESERVA DE CONTINGÊNCIA (XXII) | B85: 12732800
A86: DESPESA PRIMÁRIA TOTAL (XXIII) = (XV + XXI + XXII) | B86: =B75+B84+B85 -> 1.3224391e+09 | C86: =C75+C84 -> 9.1364696e+08 | D86: =D75+D84 -> 6.9669644e+08 | E86: =E75+E84 -> 6.3697462e+08 | F86: =F75+F84 -> 14700135 | G86: =G75+G84 -> 57400467 | H86: =H75+H84 -> 57278340
A95: RESULTADO PRIMÁRIO - Acima da Linha (XXIV) = (XIIa - (XXIIIa + XXIIIb + XXIIIc)) | B95: =C60-(E86+F86+H86) -> 197918029
A102: DISCRIMINAÇÃO DA META FISCAL | B102: VALOR CORRENTE
A104: META DE RESULTADO PRIMÁRIO FIXADA NO ANEXO DE METAS FISCAIS DA LDO P/ O EXERCÍCIO DE REFERÊNCIA | B104: 18726000
A111: JUROS NOMINAIS | B111: VALOR INCORRIDO
A113: JUROS E ENCARGOS ATIVOS (XXV) | B113: 94095796
A114: JUROS E ENCARGOS PASSIVOS (XXVI) | B114: 2575802.7
A123: RESULTADO NOMINAL - Acima da Linha (XXVII) = XXIV + (XXV - XXVI) | B123: =B95+(B113-B114) -> 2.8943802e+08
A130: META FISCAL PARA O RESULTADO NOMINAL | B130: VALOR CORRENTE
A132: Meta fixada no Anexo de Metas Fiscais da LDO para o exercício de referência | B132: 0
A148: ABAIXO DA LINHA
B150: SALDO
A151: CÁLCULO DO RESULTADO NOMINAL | B151: Em 31/Dez Exercício Anterior | C151: =IF(IFERROR(FIND("TRIMESTRE",A13,1),0)>0,"Até o Trimestre",IF(IFERROR(FIND("BIMESTRE",A13,1),0)>0,"Até o Bimestre","Até o Mês")) -> Até o Mês
B152: (a) | C152: (b)
A153: DÍVIDA CONSOLIDADA (XXVIII) | B153: 46582582 | C153: 38651776
A154: DEDUÇÕES (XXIX) | B154: =B155+B158 -> 4.6080277e+08 | C154: =C155+C158 -> 6.1777112e+08
A155: Disponibilidade de Caixa | B155: =IF(B156>B157,B156-B157,0) -> 4.6028257e+08 | C155: =IF(C156>C157,C156-C157,0) -> 6.1697438e+08
A156: Disponibilidade de Caixa Bruta | B156: 4.7572041e+08 | C156: 6.8372269e+08
A157: (-) Restos a Pagar Processados (XXX) | B157: 15437842 | C157: 66748310
A158: Demais Haveres Financeiros | B158: 520203.94 | C158: 796745.98
A159: DÍVIDA CONSOLIDADA LÍQUIDA (XXXI) = (XXVIII - XXIX) | B159: =B153-B154 -> -4.1422019e+08 | C159: =C153-C154 -> -5.7911935e+08
A168: RESULTADO NOMINAL - Abaixo da Linha (XXXII) = (XXXIa - XXXIb) | B168: =B159-C159 -> 1.6489916e+08
B174: =IF(IFERROR(FIND("TRIMESTRE",A13,1),0)>0,"Até o Trimestre",IF(IFERROR(FIND("BIMESTRE",A13,1),0)>0,"Até o Bimestre","Até o Mês")) -> Até o Mês
A175: AJUSTE METODOLÓGICO
A177: VARIAÇÃO SALDO RPP = (XXXIII) = (XXXa - XXXb) | B177: =B157-C157 -> -51310468
A178: RECEITA DE ALIENAÇÃO DE INVESTIMENTOS PERMANENTES (IX)
A179: PASSIVOS RECONHECIDOS NA DC (XXXIV)
A180: VARIAÇÃO CAMBIAL (XXXV)
A181: PAGAMENTO DE PRECATÓRIOS INTEGRANTES DA DC (XXXVI)
...

Sheet RREO-Anexo 07
A2: PREFEITURA MUNICIPAL DE INDAIATUBA
A3: Av. Eng. Fabio R. Barnabe, 2800 - Jd. Esplanada II
A4: C.N.P.J. 44.733.608/0001-09
A5: Telefone: (19) 3834-9000
A6: Tabela 7 - Demonstrativo dos Restos a Pagar por Poder e Órgão
A8: PREFEITURA MUNICIPAL DE INDAIATUBA
A9: RELATÓRIO RESUMIDO DA EXECUÇÃO ORÇAMENTÁRIA
A10: DEMONSTRATIVO DOS RESTOS A PAGAR POR PODER E ÓRGÃO
A11: ORÇAMENTOS FISCAL E DA SEGURIDADE SOCIAL
A12: EXERCÍCIO: 2021
A13: Período: 4º Bimestre | B13: =IF(IFERROR(SEARCH("SEMESTRE",A13,1),0)>0,"Semestre",IF(IFERROR(SEARCH("QUADRIMESTRE",A13,1),0)>0,"Quadrimestre",IF(IFERROR(SEARCH("TRIMESTRE",A13,1),0)>0,"Trimestre",IF(IFERROR(SEARCH("BIMESTRE",A13,1),0)>0,"Bimestre","Mês")))) -> Bimestre
A17: RREO - ANEXO 7 (LRF, art. 53, inciso V) | M17: Em reais
B18: RESTOS A PAGAR PROCESSADOS E NÃO PROCESSADOS LIQUIDADOS EM EXERCÍCIOS ANTERIORES | G18: RESTOS A PAGAR NÃO PROCESSADOS | M18: Saldo Total (a+b)
B19: Inscritos | G19: Inscritos
A20: PODER/ÓRGÃO | B20: Em Exercícios Anteriores | C20: Em 31 de dezembro de <Exercício Anterior> | D20: Pagos | E20: Cancelados | F20: Saldo | G20: Em Exercícios Anteriores | H20: Em 31 de dezembro de <Exercício Anterior> | I20: Liquidados | J20: Pagos | K20: Cancelados | L20: Saldo
F21: (a) | G21: Anteriores | H21: <Exercício | L21: (b)
H22: Anterior>
A23: RESTOS A PAGAR (EXCETO INTRA-ORÇAMENTÁRIOS) (I) | B23: =B24+B25 -> 140713.38 | C23: =C24+C25 -> 14703614 | D23: =D24+D25 -> 14700135 | E23: =E24+E25 -> 3478.66 | F23: =F24+F25 -> 140713.38 | G23: =G24+G25 -> 1332775.5 | H23: =H24+H25 -> 69085230 | I23: =I24+I25 -> 57400467 | ... M23: =M24+M25 -> 1748924
A24: PODER EXECUTIVO | B24: 140713.38 | C24: 14703614 | D24: 14700135 | E24: 3478.66 | F24: =B24+C24-D24-E24 -> 140713.38 | G24: 1332775.5 | H24: 67608209 | I24: 56327148 | J24: 56212243 | K24: 11510611 | L24: =G24+H24-J24-K24 -> 1218129.7 | M24: =F24+L24 -> 1358843.1
A25: PODER LEGISLATIVO | B25: =SUM(B26:B27) -> 0 | C25: =SUM(C26:C27) -> 0 | D25: =SUM(D26:D27) -> 0 | E25: =SUM(E26:E27) -> 0 | F25: =SUM(F26:F27) -> 0 | G25: =SUM(G26:G27) -> 0 | H25: =SUM(H26:H27) -> 1477021 | I25: =SUM(I26:I27) -> 1073318.8 | ... M25: =SUM(M26:M27) -> 390080.86
A26: Câmara Municipal | B26: 0 | C26: 0 | D26: 0 | E26: 0 | F26: =B26+C26-D26-E26 -> 0 | G26: 0 | H26: 1477021 | I26: 1073318.8 | J26: 1066096.3 | K26: 20843.82 | L26: =G26+H26-J26-K26 -> 390080.86 | M26: =F26+L26 -> 390080.86
A27: Tribunal de Contas do Município | F27: =B27+C27-D27-E27 -> 0 | L27: =G27+H27-J27-K27 -> 0 | M27: =F27+L27 -> 0
A28: RESTOS A PAGAR (INTRA-ORÇAMENTÁRIOS) (II) | B28: =B40 -> 0 | C28: =C40 -> 593514.79 | D28: =D40 -> 593514.79 | E28: =E40 -> 0 | F28: =F40 -> 0 | G28: =G40 -> 0 | H28: =H40 -> 476124.04 | I28: =I40 -> 287600.59 | ... M28: =M40 -> 41088.04
A29: TOTAL (III) = (I + II) | B29: =B23+B28 -> 140713.38 | C29: =C23+C28 -> 15297129 | D29: =D23+D28 -> 15293650 | E29: =E23+E28 -> 3478.66 | F29: =F23+F28 -> 140713.38 | G29: =G23+G28 -> 1332775.5 | H29: =H23+H28 -> 69561354 | I29: =I23+I28 -> 57688067 | ... M29: =M23+M28 -> 1790012
B35: RESTOS A PAGAR PROCESSADOS E NÃO PROCESSADOS LIQUIDADOS EM EXERCÍCIOS ANTERIORES | G35: RESTOS A PAGAR NÃO PROCESSADOS | M35: Saldo Total (a+b)
B36: Inscritos | G36: Inscritos
A37: PODER/ÓRGÃO - INTRA | B37: Em Exercícios Anteriores | C37: Em 31 de dezembro de <Exercício Anterior> | D37: Pagos | E37: Cancelados | F37: Saldo | G37: Em Exercícios Anteriores | H37: Em 31 de dezembro de <Exercício Anterior> | I37: Liquidados | J37: Pagos | K37: Cancelados | L37: Saldo
F38: (a) | G38: Anteriores | H38: <Exercício | L38: (b)
H39: Anterior>
A40: RESTOS A PAGAR (INTRA-ORÇAMENTÁRIOS) (II) | B40: =B41+B42 -> 0 | C40: =C41+C42 -> 593514.79 | D40: =D41+D42 -> 593514.79 | E40: =E41+E42 -> 0 | F40: =F41+F42 -> 0 | G40: =G41+G42 -> 0 | H40: =H41+H42 -> 476124.04 | I40: =I41+I42 -> 287600.59 | ... M40: =M41+M42 -> 41088.04
A41: PODER EXECUTIVO | B41: 0 | C41: 593514.79 | D41: 593514.79 | E41: 0 | F41: =B41+C41-D41-E41 -> 0 | G41: 0 | H41: 426880.04 | I41: 279300.03 | J41: 279300.03 | K41: 147580.01 | L41: =G41+H41-J41-K41 -> 0 | M41: =F41+L41 -> 0
A42: PODER LEGISLATIVO | B42: =SUM(B43:B44) -> 0 | C42: =SUM(C43:C44) -> 0 | D42: =SUM(D43:D44) -> 0 | E42: =SUM(E43:E44) -> 0 | F42: =SUM(F43:F44) -> 0 | G42: =SUM(G43:G44) -> 0 | H42: =SUM(H43:H44) -> 49244 | I42: =SUM(I43:I44) -> 8300.56 | ... M42: =SUM(M43:M44) -> 41088.04
A43: Câmara Municipal | B43: 0 | C43: 0 | D43: 0 | E43: 0 | F43: =B43+C43-D43-E43 -> 0 | G43: 0 | H43: 49244 | I43: 8300.56 | J43: 8155.96 | K43: 0 | L43: =G43+H43-J43-K43 -> 41088.04 | M43: =F43+L43 -> 41088.04
A44: Tribunal de Contas do Município | F44: =B44+C44-D44-E44 -> 0 | L44: =G44+H44-J44-K44 -> 0 | M44: =F44+L44 -> 0
A45: FONTE: Sistema CECAM, Unidade Responsável: CONTABILIDADE. Emissão: 14/09/2021, às 08:27:57. Assinado Digitalmente no dia 14/09/2021, às 08:27:57.
A49: NILSON ALCIDES GASPAR | E49: MARIANA ALVES RIZATO | J49: LUIS HENRIQUE BORTOLETTO
A50: PREFEITO MUNICIPAL | E50: CONTADORA | J50: COORDENADOR DE SERVIÇOS DE CONTABILIDADE
E51: CRC-SP 321123/O-4 | J51: CRC-SP 289944/O-3

Sheet RREO-Anexo 08
A2: PREFEITURA MUNICIPAL DE INDAIATUBA
A3: Av. Eng. Fabio R. Barnabe, 2800 - Jd. Esplanada II
A4: C.N.P.J. 44.733.608/0001-09
A5: Telefone: (19) 3834-9000
A6: Tabela 8.2 - Demonstrativo das Receitas e Despesas com Manutenção e Desenvolvimento do Ensino - MDE - MUNICÍPIOS
A8: PREFEITURA MUNICIPAL DE INDAIATUBA
A9: RELATÓRIO RESUMIDO DA EXECUÇÃO ORÇAMENTÁRIA
A10: DEMONSTRATIVO DAS RECEITAS E DESPESAS COM MANUTENÇÃO E DESENVOLVIMENTO DO ENSINO - MDE
A11: ORÇAMENTOS FISCAL E DA SEGURIDADE SOCIAL
A12: EXERCÍCIO: 2021
A13: Período: 4º Bimestre | B13: =IF(IFERROR(SEARCH("SEMESTRE",A13,1),0)>0,"Semestre",IF(IFERROR(SEARCH("QUADRIMESTRE",A13,1),0)>0,"Quadrimestre",IF(IFERROR(SEARCH("TRIMESTRE",A13,1),0)>0,"Trimestre",IF(IFERROR(SEARCH("BIMESTRE",A13,1),0)>0,"Bimestre","Mês")))) -> Bimestre
A17: RREO - ANEXO 8 (LDB, art. 72) | C17: Em Reais
A18: RECEITAS DO ENSINO
B19: PREVISÃO | C19: RECEITAS
A20: RECEITA RESULTANTE DE IMPOSTOS (caput do art. 212 da Constituição) | B20: ATUALIZADA | C20: REALIZADAS
B21: (a) | C21: (b)
A22: 1- RECEITA DE IMPOSTOS | B22: =SUM(B23:B26) -> 317330000 | C22: =SUM(C23:C26) -> 2.6389218e+08
A23: 1.1- Receita Resultante do Imposto sobre a Propriedade Predial e Territorial Urbana – IPTU | B23: 130330000 | C23: 1.1013675e+08
A24: 1.2- Receita Resultante do Imposto sobre Transmissão Inter Vivos – ITBI | B24: 50587000 | C24: 45787626
A25: 1.3- Receita Resultante do Imposto sobre Serviços de Qualquer Natureza – ISS | B25: 95380000 | C25: 80850937
A26: 1.4- Receita Resultante do Imposto de Renda Retido na Fonte – IRRF | B26: 41033000 | C26: 27116863
A27: 2- RECEITA DE TRANSFERÊNCIAS CONSTITUCIONAIS E LEGAIS | B27: =B28+SUM(B31:B36) -> 449583000 | C27: =C28+SUM(C31:C36) -> 3.4321495e+08
A28: 2.1- Cota-Parte FPM | B28: =SUM(B29:B30) -> 77050000 | C28: =SUM(C29:C30) -> 61486935
A29: 2.1.1- Parcela referente à CF, art. 159, I, alínea b | B29: 71000000 | C29: 58078477
A30: 2.1.2- Parcela referente à CF, art. 159, I, alínea d e e | B30: 6050000 | C30: 3408457.5
A31: 2.2- Cota-Parte ICMS | B31: 303733000 | C31: 2.146803e+08
A32: 2.3- ICMS-Desoneração – L.C. nº87/1996 | B32: 0 | C32: 0
A33: 2.4- Cota-Parte IPI-Exportação | B33: 1800000 | C33: 1628696.9
A34: 2.5- Cota-Parte ITR | B34: 1000000 | C34: 58423.17
A35: 2.6- Cota-Parte IPVA | B35: 66000000 | C35: 65360598
A36: 2.7- Cota-Parte IOF-Ouro
A37: 3- TOTAL DA RECEITA DE IMPOSTOS (1 + 2) | B37: =B22+B27 -> 766913000 | C37: =C22+C27 -> 6.0710713e+08
A39: 4- TOTAL DESTINADO AO FUNDEB - 20% DE ((2.1.1) + (2.2) + (2.3) + (2.4) + (2.5) + (2.6)) | B39: 80361000 | C39: 67961298
A41: 5- VALOR MÍNIMO A SER APLICADO ALÉM DO VALOR DESTINADO AO FUNDEB - 5% DE ((2.1.1) + (2.2) + (2.3) + (2.4) + (2.5)) + 25% DE ((1.1) + (1.2) + (1.3) + (1.4) + (2.1.2) + (2.6)+ (2.7)) | B41: =ROUND(B37*0.25,2)-B39 -> 111367250 | C41: =ROUND(C37*0.25,2)-C39 -> 83815484
A43: FUNDEB
B44: PREVISÃO | C44: RECEITAS
A45: RECEITAS RECEBIDAS DO FUNDEB NO EXERCÍCIO | B45: ATUALIZADA | C45: REALIZADAS
B46: (a) | C46: (b)
A47: 6- RECEITAS RECEBIDAS DO FUNDEB | B47: =B48+B51+B54 -> 134031000 | C47: =C48+C51+C54 -> 1.0104355e+08
A48: 6.1- FUNDEB - Impostos e Transferências de Impostos | B48: =SUM(B49:B50) -> 134031000 | C48: =SUM(C49:C50) -> 1.0104355e+08
A49: 6.1.1- Principal | B49: 133971000 | C49: 1.0070826e+08
A50: 6.1.2- Rendimentos de Aplicação Financeira | B50: 60000 | C50: 335296.11
A51: 6.2- FUNDEB - Complementação da União - VAAF | B51: =SUM(B52:B53) -> 0 | C51: =SUM(C52:C53) -> 0
A52: 6.2.1- Principal
A53: 6.2.2- Rendimentos de Aplicação Financeira
A54: 6.3- FUNDEB - Complementação da União - VAAT | B54: =SUM(B55:B56) -> 0 | C54: =SUM(C55:C56) -> 0
A55: 6.3.1- Principal
A56: 6.3.2- Rendimentos de Aplicação Financeira
A57: 7- RESULTADO LÍQUIDO DAS TRANSFERÊNCIAS DO FUNDEB (6.1.1 – 4)1 | B57: =B49-B39 -> 53610000 | C57: =C49-C39 -> 32746959
A63: RECURSOS RECEBIDOS EM EXERCÍCIOS ANTERIORES E NÃO UTILIZADOS (SUPERÁVIT) | B63: VALOR
A65: 8- TOTAL DOS RECURSOS DE SUPERÁVIT | B65: =SUM(B66:B67) -> 6040306.3
A66: 8.1- SUPERÁVIT DO EXERCÍCIO IMEDIATAMENTE ANTERIOR | B66: 6040306.3
A67: 8.2- SUPERÁVIT RESIDUAL DE OUTROS EXERCÍCIOS
A69: DESPESAS DO FUNDEB | B69: DOTAÇÃO | C69: DESPESAS | D69: DESPESAS | E69: DESPESAS | F69: INSCR EM RP
B70: ATUALIZADA | C70: EMPENHADAS | D70: LIQUIDADA | E70: PAGA | F70: Ñ PROC
B71: (c) | C71: (d) | D71: (e) | E71: (f) | F71: (g)
A72: 10- PROFISSIONAIS DA EDUCAÇÃO BÁSICA | B72: =B73+B76 -> 1.0071631e+08 | C72: =C73+C76 -> 63650904 | D72: =D73+D76 -> 63650904 | E72: =E73+E76 -> 56504794 | F72: =F73+F76 -> 0
A73: 10.1- Educação Infantil | B73: =SUM(B74:B75) -> 30067306 | C73: =SUM(C74:C75) -> 19256168 | D73: =SUM(D74:D75) -> 19256168 | E73: =SUM(E74:E75) -> 17092350 | F73: =SUM(F74:F75) -> 0
A74: 10.1.1- Creche
A75: 10.1.2- Pré-escola | B75: 30067306 | C75: 19256168 | D75: 19256168 | E75: 17092350
A76: 10.2- Ensino Fundamental | B76: 70649000 | C76: 44394736 | D76: 44394736 | E76: 39412444
A77: 11- OUTRAS DESPESAS | B77: =B78+B81 -> 39355000 | C77: =C78+C81 -> 31675889 | D77: =D78+D81 -> 31675889 | E77: =E78+E81 -> 28292481 | F77: =F78+F81 -> 0
A78: 11.1- Educação Infantil | B78: =SUM(B79:B80) -> 23781000 | C78: =SUM(C79:C80) -> 19155237 | D78: =SUM(D79:D80) -> 19155237 | E78: =SUM(E79:E80) -> 17073302 | F78: =SUM(F79:F80) -> 0
A79: 11.1.1- Creche
A80: 11.1.2- Pré-escola | B80: 23781000 | C80: 19155237 | D80: 19155237 | E80: 17073302
A81: 11.2- Ensino Fundamental | B81: 15574000 | C81: 12520652 | D81: 12520652 | E81: 11219179
A82: 12- TOTAL DAS DESPESAS COM RECURSOS DO FUNDEB (10 + 11) | B82: =B72+B77 -> 1.4007131e+08 | C82: =C72+C77 -> 95326793 | D82: =D72+D77 -> 95326793 | E82: =E72+E77 -> 84797275 | F82: =F72+F77 -> 0
A84: DESPESAS CUSTEADAS COM RECEITAS DO FUNDEB RECEBIDAS NO EXERCÍCIO | B84: DESPESAS | C84: DESPESAS | D84: DESPESAS | E84: INSCRIÇÃO DE | F84: INSCR RPNP
B85: EMPENHADAS | C85: LIQUIDADA | D85: PAGA | E85: RESTOS A PAGAR | F85: SEM
E86: Ñ PROCESSADOS | F86: DISPONIBILIDADE
B87: (d) | C87: (e) | D87: (f) | E87: (g) | F87: (h)
A88: 13- Total das Despesas do FUNDEB com Profissionais da Educação Básica | B88: 59010598 | C88: 59010598 | D88: 51864488
A89: 14- Total das Despesas custeadas com FUNDEB - Impostos e Transferências de Impostos | B89: 89286487 | C89: 89286487 | D89: 78756969 | F89: 0
A90: 15- Total das Despesas custeadas com FUNDEB - Complementação da União - VAAF | F90: 0
A91: 16- Total das Despesas custeadas com FUNDEB - Complementação da União - VAAT | F91: 0
A92: 17- Total das Despesas custeadas com FUNDEB - Complementação da União - VAAT Aplicadas na Educação Infantil
A93: 18- Total das Despesas custeadas com FUNDEB - Complementação da União - VAAT Aplicadas em Despesa de Capital
A95: INDICADORES - Art. 212-A, inciso XI e § 3º - Constituição Federal2 | D95: VALOR APÓS
B96: VALOR EXIGIDO | C96: VALOR APLICADO | D96: DEDUÇÕES | E96: % APLICADO
B97: (i) | C97: (j) | D97: (k) | E97: (l)
A98: 19- Mínimo de 70% do FUNDEB na Remuneração dos Profissionais da Educação Básica | B98: =C47*0.7 -> 70730487 | C98: =B88 -> 59010598 | D98: =C98-E88 -> 59010598 | E98: =IF(C47>0,D98/C47*100,0) -> 58.401151
A99: 20 - Percentual de 50% da Complementação da União ao FUNDEB (VAAT) na Educação Infantil | B99: =C54*0.5 -> 0 | C99: =B92 -> 0 | D99: =C99-E92 -> 0 | E99: =IF(C54>0,D99/C54*100,0) -> 0
A100: 21- Mínimo de 15% da Complementação da União ao FUNDEB - VAAT em Despesas de Capital | B100: =C54*0.15 -> 0 | C100: =B93 -> 0 | D100: =C100-E93 -> 0 | E100: =IF(C54>0,D100/C54*100,0) -> 0
A102: INDICADOR - Art.25, § 3º - Lei nº 14.113, de 2020 - (Máximo de 10% de Superávit)3 | B102: VALOR MÁXIMO | C102: VALOR | D102: VALOR Ñ APLIC
B103: PERMITIDO | C103: NÃO APLICADO | D103: APÓS AJUSTE | E103: % NÃO APLICADO
B104: (m) | C104: (n) | D104: (o) | E104: (p)
A105: 22- Total da Receita Recebida e não Aplicada no Exercício | B105: =C47*0.1 -> 10104355 | C105: =C47-B89-B90-B91 -> 11757066 | D105: =C105-F89-F90-F91 -> 11757066 | E105: =IF(C47>0,D105/C47*100,0) -> 11.635642
A107: INDICADOR - Art.25, § 3º - Lei nº 14.113, de 2020 - (Aplicação do Superávit de Exercício Anterior)3 | B107: VALOR DE | C107: VALOR | D107: VALOR APLICADO | E107: VL APLIC ATÉ O | F107: VALOR APLICADO | G107: VALOR
B108: SUPERÁVIT | C108: NÃO APLICADO | D108: APLICADO ATÉ O | E108: 1ºQUADRIMESTRE | F108: APLICADO APÓS O | G108: NÃO
B109: PERMITIDO NO | C109: NO EXERCÍCIO | D109: 1ºQUADRIMESTRE | E109: QUE INTEGRARÁ | F109: 1ºQUADRIMESTRE | G109: APLICADO
B110: EXERC ANTERIOR | C110: ANTERIOR | E110: O LIMITE CONST.
B111: (q) | C111: (r) | D111: (s) | E111: (t) | F111: (u) | G111: (v)
A112: 23- Total das Despesas custeadas com Superávit do FUNDEB | B112: =SUM(B113:B114) -> 6135494.8 | C112: =SUM(C113:C114) -> 6040306.3 | D112: =SUM(D113:D114) -> 6040306.3 | E112: =SUM(E113:E114) -> 6040306.3 | F112: =SUM(F113:F114) -> 0 | G112: =SUM(G113:G114) -> 0
A113: 23.1- Total das Despesas custeadas com FUNDEB - Impostos e Transferências de Impostos | B113: 6135494.8 | C113: 6040306.3 | D113: 6040306.3 | E113: 6040306.3
A114: 23.2- Total das Despesas custeadas com FUNDEB - Complementação da União (VAAF + VAAT)
A116: DESPESAS COM MANUTENÇÃO E DESENVOLVIMENTO DO ENSINO – MDE - CUSTEADAS COM RECEITA DE IMPOSTOS (EXCETO FUNDEB) | B116: DOTAÇÃO | C116: DESPESAS | D116: DESPESAS | E116: DESPESAS | F116: INSCR EM RP
B117: ATUALIZADA | C117: EMPENHADAS | D117: LIQUIDADA | E117: PAGA | F117: Ñ PROC
B118: (c) | C118: (d) | D118: (e) | E118: (f) | F118: (g)
A119: 24- EDUCAÇÃO INFANTIL | B119: =SUM(B120:B121) -> 87438000 | C119: =SUM(C120:C121) -> 61201501 | D119: =SUM(D120:D121) -> 32752338 | E119: =SUM(E120:E121) -> 29978264 | F119: =SUM(F120:F121) -> 0
A120: 24.1- Creche
...

Sheet RREO-Anexo 09
A2: PREFEITURA MUNICIPAL DE INDAIATUBA
A3: Av. Eng. Fabio R. Barnabe, 2800 - Jd. Esplanada II
A4: C.N.P.J. 44.733.608/0001-09
A5: Telefone: (19) 3834-9000
A6: Tabela 9 – Demonstrativo das Receitas de Operações de Crédito e Despesas de Capital
A8: PREFEITURA MUNICIPAL DE INDAIATUBA
A9: RELATÓRIO RESUMIDO DA EXECUÇÃO ORÇAMENTÁRIA
A10: DEMONSTRATIVO DAS RECEITAS DE OPERAÇÕES DE CRÉDITO E DESPESAS DE CAPITAL
A11: ORÇAMENTOS FISCAL E DA SEGURIDADE SOCIAL
A12: EXERCÍCIO: 2021
A13: Período: 4º Bimestre | B13: =IF(IFERROR(SEARCH("SEMESTRE",A13,1),0)>0,"Semestre",IF(IFERROR(SEARCH("QUADRIMESTRE",A13,1),0)>0,"Quadrimestre",IF(IFERROR(SEARCH("TRIMESTRE",A13,1),0)>0,"Trimestre",IF(IFERROR(SEARCH("BIMESTRE",A13,1),0)>0,"Bimestre","Mês")))) -> Bimestre
A17: RREO – ANEXO 9 (LRF, art.53, § 1º, inciso I) | D17: Em Reais
A18: RECEITAS | B18: PREVISÃO ATUALIZADA | C18: RECEITAS REALIZADAS | D18: SALDO NÃO REALIZADO
B19: (a) | C19: (b) | D19: (c) = (a – b)
A20: RECEITAS DE OPERAÇÕES DE CRÉDITO1 (I) | D20: =B20-C20 -> 0
B22: DOTAÇÃO | C22: DESPESAS | D22: SALDO NÃO EXECUTADO
A23: DESPESAS | B23: ATUALIZADA | C23: EMPENHADAS
B24: (d) | C24: (e) | D24: (f) = (d – e)
A25: DESPESAS DE CAPITAL | B25: =B26+B27+B28 -> 0 | C25: =C26+C27+C28 -> 0 | D25: =B25-C25 -> 0
A26: Investimentos | B26: 0 | C26: 0 | D26: =B26-C26 -> 0
A27: Inversões Financeiras | D27: =B27-C27 -> 0
A28: Amortização da Dívida | B28: 0 | C28: 0 | D28: =B28-C28 -> 0
A29: (-) Incentivos Fiscais a Contribuinte | D29: =B29-C29 -> 0
A30: (-) Incentivos Fiscais a Contribuinte por Instituições Financeiras | D30: =B30-C30 -> 0
A31: DESPESA DE CAPITAL LÍQUIDA (II) | B31: =B25-B29-B30 -> 0 | C31: =C25-C29-C30 -> 0 | D31: =D25-D29-D30 -> 0
A32: RESULTADO PARA APURAÇÃO DA | B32: =B20-B31 -> 0 | C32: =C20-C31 -> 0 | D32: =D31-D20 -> 0
A33: REGRA DE OURO (III) = (I – II)
A34: FONTE: Sistema CECAM, Unidade Responsável: CONTABILIDADE. Emissão: 14/09/2021, às 08:30:30. Assinado Digitalmente no dia 14/09/2021, às 08:30:30.
A35: Notas:
A36: 1 Operações de Crédito descritas na CF, art. 167, inciso III
A41: NILSON ALCIDES GASPAR | B41: MARIANA ALVES RIZATO | D41: LUIS HENRIQUE BORTOLETTO
A42: PREFEITO MUNICIPAL | B42: CONTADORA | D42: COORDENADOR DE SERVIÇOS DE CONTABILIDADE
B43: CRC-SP 321123/O-4 | D43: CRC-SP 289944/O-3

Sheet RREO-Anexo 10
A2: PREFEITURA MUNICIPAL DE INDAIATUBA
A3: Av. Eng. Fabio R. Barnabe, 2800 - Jd. Esplanada II
A4: C.N.P.J. 44.733.608/0001-09
A5: Telefone: (19) 3834-9000
A6: Tabela 10.1 - Demonstrativo da Projeção Atuarial do Regime Próprio de Previdência dos Servidores
A8: PREFEITURA MUNICIPAL DE INDAIATUBA
A9: RELATÓRIO RESUMIDO DA EXECUÇÃO ORÇAMENTÁRIA
A10: DEMONSTRATIVO DA PROJEÇÃO ATUARIAL DO REGIME PRÓPRIO DE PREVIDÊNCIA DOS SERVIDORES
A11: ORÇAMENTO DA SEGURIDADE SOCIAL
A12: EXERCÍCIO: 2021
A13: Período: 4º Bimestre
A17: RREO – ANEXO 10 (LRF, art. 53, § 1º, inciso II) | E17: Em Reais
A18: PLANO PREVIDÊNCIARIO
A19: EXERCÍCIO | B19: RECEITAS | C19: DESPESAS | D19: RESULTADO | E19: SALDO FINANCEIRO
B20: PREVIDENCIÁRIAS | C20: PREVIDENCIÁRIAS | D20: PREVIDENCIÁRIO | E20: DO EXERCÍCIO
B21: (a) | C21: (b) | D21: (c) = (a - b) | E21: (d) = (“d” exerc. Anterior) + (c)
A22: 2021 | D22: =B22-C22 -> 0 | E22: =D22+F22 -> 0
A23: =IF(A22<>"",IF(A22>0,A22+1,""),"") -> 2022 | D23: =B23-C23 -> 0 | E23: =D23+E22 -> 0
A24: =IF(A23<>"",IF(A23>0,A23+1,""),"") -> 2023 | D24: =B24-C24 -> 0 | E24: =D24+E23 -> 0
A25: =IF(A24<>"",IF(A24>0,A24+1,""),"") -> 2024 | D25: =B25-C25 -> 0 | E25: =D25+E24 -> 0
A26: =IF(A25<>"",IF(A25>0,A25+1,""),"") -> 2025 | D26: =B26-C26 -> 0 | E26: =D26+E25 -> 0
A27: =IF(A26<>"",IF(A26>0,A26+1,""),"") -> 2026 | D27: =B27-C27 -> 0 | E27: =D27+E26 -> 0
A28: =IF(A27<>"",IF(A27>0,A27+1,""),"") -> 2027 | D28: =B28-C28 -> 0 | E28: =D28+E27 -> 0
A29: =IF(A28<>"",IF(A28>0,A28+1,""),"") -> 2028 | D29: =B29-C29 -> 0 | E29: =D29+E28 -> 0
A30: =IF(A29<>"",IF(A29>0,A29+1,""),"") -> 2029 | D30: =B30-C30 -> 0 | E30: =D30+E29 -> 0
A31: =IF(A30<>"",IF(A30>0,A30+1,""),"") -> 2030 | D31: =B31-C31 -> 0 | E31: =D31+E30 -> 0
A32: =IF(A31<>"",IF(A31>0,A31+1,""),"") -> 2031 | D32: =B32-C32 -> 0 | E32: =D32+E31 -> 0
A33: =IF(A32<>"",IF(A32>0,A32+1,""),"") -> 2032 | D33: =B33-C33 -> 0 | E33: =D33+E32 -> 0
A34: =IF(A33<>"",IF(A33>0,A33+1,""),"") -> 2033 | D34: =B34-C34 -> 0 | E34: =D34+E33 -> 0
... A96: =IF(A95<>"",IF(A95>0,A95+1,""),"") -> 2095 | D96: =B96-C96 -> 0 | E96: =D96+E95 -> 0
A97: FONTE: Sistema CECAM, Unidade Responsável: CONTABILIDADE. Emissão: 14/09/2021, às 08:30:31. Assinado Digitalmente no dia 14/09/2021, às 08:30:31.
A98: Notas: 1 Projeção atuarial elaborada em <DATA DA AVALIAÇÃO> e oficialmente enviada para o Ministério da Previdência Social – MPS.
A99: 2 Este Demonstrativo utiliza as seguintes hipóteses: <HIPÓTESE>: <VALOR>
A109: PLANO FINANCEIRO
A110: EXERCÍCIO | B110: RECEITAS | C110: DESPESAS | D110: RESULTADO | E110: SALDO FINANCEIRO
B111: PREVIDENCIÁRIAS | C111: PREVIDENCIÁRIAS | D111: PREVIDENCIÁRIO | E111: DO EXERCÍCIO
B112: (a) | C112: (b) | D112: (c) = (a - b) | E112: (d) = (“d” exerc. Anterior) + (c)
A113: 2021 | D113: =B113-C113 -> 0 | E113: =D113+F113 -> 0
A114: =IF(A113<>"",IF(A113>0,A113+1,""),"") -> 2022 | D114: =B114-C114 -> 0 | E114: =D114+E113 -> 0
A115: =IF(A114<>"",IF(A114>0,A114+1,""),"") -> 2023 | D115: =B115-C115 -> 0 | E115: =D115+E114 -> 0
A116: =IF(A115<>"",IF(A115>0,A115+1,""),"") -> 2024 | D116: =B116-C116 -> 0 | E116: =D116+E115 -> 0
A117: =IF(A116<>"",IF(A116>0,A116+1,""),"") -> 2025 | D117: =B117-C117 -> 0 | E117: =D117+E116 -> 0
A118: =IF(A117<>"",IF(A117>0,A117+1,""),"") -> 2026 | D118: =B118-C118 -> 0 | E118: =D118+E117 -> 0
A119: =IF(A118<>"",IF(A118>0,A118+1,""),"") -> 2027 | D119: =B119-C119 -> 0 | E119: =D119+E118 -> 0
A120: =IF(A119<>"",IF(A119>0,A119+1,""),"") -> 2028 | D120: =B120-C120 -> 0 | E120: =D120+E119 -> 0
A121: =IF(A120<>"",IF(A120>0,A120+1,""),"") -> 2029 | D121: =B121-C121 -> 0 | E121: =D121+E120 -> 0
A122: =IF(A121<>"",IF(A121>0,A121+1,""),"") -> 2030 | D122: =B122-C122 -> 0 | E122: =D122+E121 -> 0
A123: =IF(A122<>"",IF(A122>0,A122+1,""),"") -> 2031 | D123: =B123-C123 -> 0 | E123: =D123+E122 -> 0
A124: =IF(A123<>"",IF(A123>0,A123+1,""),"") -> 2032 | D124: =B124-C124 -> 0 | E124: =D124+E123 -> 0
A125: =IF(A124<>"",IF(A124>0,A124+1,""),"") -> 2033 | D125: =B125-C125 -> 0 | E125: =D125+E124 -> 0
... A187: =IF(A186<>"",IF(A186>0,A186+1,""),"") -> 2095 | D187: =B187-C187 -> 0 | E187: =D187+E186 -> 0
A188: =A97 -> FONTE: Sistema CECAM, Unidade Responsável: CONTABILIDADE. Emissão: 14/09/2021, às 08:30:31. Assinado Digitalmente no dia 14/09/2021, às 08:30:31.
A189: =A98 -> Notas: 1 Projeção atuarial elaborada em <DATA DA AVALIAÇÃO> e oficialmente enviada para o Ministério da Previdência Social – MPS.
A190: =A99 -> 2 Este Demonstrativo utiliza as seguintes hipóteses: <HIPÓTESE>: <VALOR>
A195: NILSON ALCIDES GASPAR | D195: MARIANA ALVES RIZATO
A196: PREFEITO MUNICIPAL | D196: CONTADORA
D197: CRC-SP 321123/O-4
A199: =IF(A108<>"",A108,"") | C199: =IF(C108<>"",C108,"") | D199: =IF(D108<>"",D108,"")
A200: LUIS HENRIQUE BORTOLETTO | D200: ELIETH APARECIDA PEREIRA
A201: COORDENADOR DE SERVIÇOS DE CONTABILIDADE | D201: CONTADORA - SEPREV
A202: CRC-SP 289944/O-3 | D202: CRC-SP 323.834/O-5

Sheet RREO-Anexo 11
A2: PREFEITURA MUNICIPAL DE INDAIATUBA
A3: Av. Eng. Fabio R. Barnabe, 2800 - Jd. Esplanada II
A4: C.N.P.J. 44.733.608/0001-09
A5: Telefone: (19) 3834-9000
A6: Tabela 11 - Demonstrativo da Receita de Alienação de Ativos e Aplicação dos Recursos
A8: PREFEITURA MUNICIPAL DE INDAIATUBA
A9: RELATÓRIO RESUMIDO DA EXECUÇÃO ORÇAMENTÁRIA
A10: DEMONSTRATIVO DA RECEITA DE ALIENAÇÃO DE ATIVOS E APLICAÇÃO DOS RECURSOS
A11: ORÇAMENTOS FISCAL E DA SEGURIDADE SOCIAL
A12: EXERCÍCIO: 2021
A13: Período: 4º Bimestre | B13: =IF(IFERROR(SEARCH("SEMESTRE",A13,1),0)>0,"Semestre",IF(IFERROR(SEARCH("QUADRIMESTRE",A13,1),0)>0,"Quadrimestre",IF(IFERROR(SEARCH("TRIMESTRE",A13,1),0)>0,"Trimestre",IF(IFERROR(SEARCH("BIMESTRE",A13,1),0)>0,"Bimestre","Mês")))) -> Bimestre
A17: RREO – ANEXO 11 (LRF, art. 53, § 1º, inciso III ) | D17: Em Reais
A18: RECEITAS | B18: PREVISÃO ATUALIZADA | C18: RECEITAS REALIZADAS | D18: SALDO
B19: (a) | C19: (b) | D19: (c) = (a-b)
A20: RECEITAS DE ALIENAÇÃO DE ATIVOS (I) | B20: =B21+B22+B23+B24 -> 0 | C20: =C21+C22+C23+C24 -> 0 | D20: =B20-C20 -> 0
A21: Receita de Alienação de Bens Móveis | B21: 0 | C21: 0 | D21: =B21-C21 -> 0
A22: Receita de Alienação de Bens Imóveis | B22: 0 | C22: 0 | D22: =B22-C22 -> 0
A23: Receita de Alienação de Bens Intangiveis | D23: =B23-C23 -> 0
A24: Receita de Rendimento de Aplicações Financeiras | B24: 0 | C24: 0 | D24: =B24-C24 -> 0
B26: DOTAÇÃO ATUALIZADA | C26: DESPESAS | D26: DESPESAS | E26: DESPESAS (e) | F26: DESPESAS INSCRITAS EM RESTOS A PAGAR NÃO PROCESSADOS | G26: PAGAMENTO | H26: SALDO
A27: DESPESAS | C27: EMPENHADAS | D27: LIQUIDADAS | E27: PAGAS | G27: DE RESTOS A PAGAR
B28: (d) | C28: (e) | E28: (f) | G28: (g) | H28: (h) = (d-e)
A29: APLICAÇÃO DOS RECURSOS DA ALIENAÇÃO DE ATIVOS (II) | B29: =B30+B34 -> 0 | C29: =C30+C34 -> 0 | D29: =D30+D34 -> 0 | E29: =E30+E34 -> 0 | F29: =F30+F34 -> 0 | G29: =G30+G34 -> 0 | H29: =B29-E29 -> 0
A30: Despesas de Capital | B30: =B31+B32+B33 -> 0 | C30: =C31+C32+C33 -> 0 | D30: =D31+D32+D33 -> 0 | E30: =E31+E32+E33 -> 0 | F30: =F31+F32+F33 -> 0 | G30: =G31+G32+G33 -> 0 | H30: =B30-C30 -> 0
A31: Investimentos | B31: 0 | C31: 0 | D31: 0 | E31: 0 | G31: 0 | H31: =B31-C31 -> 0
A32: Inversões Financeiras | H32: =B32-C32 -> 0
A33: Amortização da Dívida | H33: =B33-C33 -> 0
A34: Despesas Correntes dos Regimes de Previdência | B34: =B35 -> 0 | C34: =C35 -> 0 | D34: =D35 -> 0 | E34: =E35 -> 0 | F34: =F35 -> 0 | G34: =G35 -> 0 | H34: =B34-C34 -> 0
A35: Regime Próprio dos Servidores Públicos | H35: =B35-C35 -> 0
A37: SALDO FINANCEIRO A APLICAR | B37: <EXERCÍCIO ANTERIOR> | C37: <EXERCÍCIO> | D37: SALDO ATUAL
B38: (i) | C38: (j) = (Ib – (IIf+ IIg)) | D38: (k) = (IIIi + IIIj)
A39: VALOR (III) | C39: =C20-(E29+G29) -> 0 | D39: =B39+C39 -> 0
A40: FONTE: Sistema CECAM, Unidade Responsável: CONTABILIDADE. Emissão: 14/09/2021, às 08:30:40. Assinado Digitalmente no dia 14/09/2021, às 08:30:40.
A46: NILSON ALCIDES GASPAR | C46: MARIANA ALVES RIZATO | F46: LUIS HENRIQUE BORTOLETTO
A47: PREFEITO MUNICIPAL | C47: CONTADORA | F47: COORDENADOR DE SERVIÇOS DE CONTABILIDADE
C48: CRC-SP 321123/O-4 | F48: CRC-SP 289944/O-3

Sheet RREO-Anexo 12
A2: PREFEITURA MUNICIPAL DE INDAIATUBA
A3: Av. Eng. Fabio R. Barnabe, 2800 - Jd. Esplanada II
A4: C.N.P.J. 44.733.608/0001-09
A5: Telefone: (19) 3834-9000
A6: Tabela 12.2 - Demonstrativo das Despesas com Saúde - Municípios
A8: PREFEITURA MUNICIPAL DE INDAIATUBA
A9: RELATÓRIO RESUMIDO DA EXECUÇÃO ORÇAMENTÁRIA
A10: DEMONSTRATIVO DAS RECEITAS E DESPESAS COM AÇÕES E SERVIÇOS PÚBLICOS DE SAÚDE
A11: ORÇAMENTOS FISCAL E DA SEGURIDADE SOCIAL
A12: EXERCÍCIO: 2021
A13: Período: 4º Bimestre | B13: =IF(IFERROR(SEARCH("SEMESTRE",A13,1),0)>0,"Semestre",IF(IFERROR(SEARCH("QUADRIMESTRE",A13,1),0)>0,"Quadrimestre",IF(IFERROR(SEARCH("TRIMESTRE",A13,1),0)>0,"Trimestre",IF(IFERROR(SEARCH("BIMESTRE",A13,1),0)>0,"Bimestre","Mês")))) -> Bimestre
A17: RREO – ANEXO 12 (LC 141/2012, art. 35) | E17: Em Reais
A18: RECEITAS PARA APURAÇÃO DA APLICAÇÃO EM AÇÕES E SERVIÇOS PÚBLICOS DE SAÚDE | B18: PREVISÃO | C18: PREVISÃO | D18: RECEITAS REALIZADAS
B19: INICIAL | C19: ATUALIZADA | D19: =CONCATENATE("Até o ", B13) -> Até o Bimestre | E19: %
C20: (a) | D20: (b) | E20: (b/a) x 100
A21: RECEITA DE IMPOSTOS (I) | B21: =B22+B25+B28+B31 -> 286915000 | C21: =C22+C25+C28+C31 -> 317330000 | D21: =D22+D25+D28+D31 -> 2.6389218e+08 | E21: =IF(C21>0,D21/C21*100,0) -> 83.160174
A22: Receita Resultante do Imposto Predial e Territorial Urbano - IPTU | B22: =SUM(B23:B24) -> 125330000 | C22: =SUM(C23:C24) -> 130330000 | D22: =SUM(D23:D24) -> 1.1013675e+08 | E22: =IF(C22>0,D22/C22*100,0) -> 84.506064
A23: IPTU | B23: 109000000 | C23: 114000000 | D23: 89877840 | E23: =IF(C23>0,D23/C23*100,0) -> 78.840211
A24: Multas, Juros de Mora, Divida Ativa e Outros Encargos do IPTU | B24: 16330000 | C24: 16330000 | D24: 20258913 | E24: =IF(C24>0,D24/C24*100,0) -> 124.05948
A25: Receita Resultante do Imposto sobre Transmissão Inter Vivos - ITBI | B25: =SUM(B26:B27) -> 30405000 | C25: =SUM(C26:C27) -> 50587000 | D25: =SUM(D26:D27) -> 45787626 | E25: =IF(C25>0,D25/C25*100,0) -> 90.512634
A26: ITBI | B26: 30000000 | C26: 50182000 | D26: 45664183 | E26: =IF(C26>0,D26/C26*100,0) -> 90.997136
A27: Multas, Juros de Mora, Dívida Ativa e Outros Encargos do ITBI | B27: 405000 | C27: 405000 | D27: 123443.49 | E27: =IF(C27>0,D27/C27*100,0) -> 30.479874
A28: Receita Resultante do Imposto sobre Serviços de Qualquer Natureza - ISS | B28: =SUM(B29:B30) -> 90380000 | C28: =SUM(C29:C30) -> 95380000 | D28: =SUM(D29:D30) -> 80850937 | E28: =IF(C28>0,D28/C28*100,0) -> 84.767181
A29: ISS | B29: 85500000 | C29: 90500000 | D29: 75970972 | E29: =IF(C29>0,D29/C29*100,0) -> 83.945826
A30: Multas, Juros de Mora, Dívida Ativa e Outros Encargos do ISS | B30: 4880000 | C30: 4880000 | D30: 4879964.7 | E30: =IF(C30>0,D30/C30*100,0) -> 99.999277
A31: Receita Resultante do IRRF | B31: 40800000 | C31: 41033000 | D31: 27116863 | E31: =IF(C31>0,D31/C31*100,0) -> 66.085499
A32: RECEITA DE TRANSFERÊNCIAS CONSTITUCIONAIS E LEGAIS (II) | B32: =SUM(B33:B38) -> 401805000 | C32: =SUM(C33:C38) -> 443538000 | D32: =SUM(D33:D38) -> 3.3980649e+08 | E32: =IF(C32>0,D32/C32*100,0) -> 76.612712
A33: Cota-Parte FPM | B33: 71000000 | C33: 71000000 | D33: 58078477 | E33: =IF(C33>0,D33/C33*100,0) -> 81.800672
A34: Cota-Parte ITR | B34: 1000000 | C34: 1000000 | D34: 58423.17 | E34: =IF(C34>0,D34/C34*100,0) -> 5.842317
A35: Cota-Parte IPVA | B35: 66000000 | C35: 66000000 | D35: 65360598 | E35: =IF(C35>0,D35/C35*100,0) -> 99.03121
A36: Cota-Parte ICMS | B36: 262000000 | C36: 303733000 | D36: 2.146803e+08 | E36: =IF(C36>0,D36/C36*100,0) -> 70.680596
A37: Cota-Parte IPI-Exportação | B37: 1800000 | C37: 1800000 | D37: 1628696.9 | E37: =IF(C37>0,D37/C37*100,0) -> 90.483161
A38: Compensações Financeiras Provenientes de Impostos e Transferências Constitucionais | B38: =SUM(B39:B40) -> 5000 | C38: =SUM(C39:C40) -> 5000 | D38: =SUM(D39:D40) -> 0 | E38: =IF(C38>0,D38/C38*100,0) -> 0
A39: Desoneração ICMS (LC 87/96) | B39: 5000 | C39: 5000 | D39: 0 | E39: =IF(C39>0,D39/C39*100,0) -> 0
A40: Outras | E40: =IF(C40>0,D40/C40*100,0) -> 0
A41: TOTAL DAS RECEITAS RESULTANTES DE IMPOSTOS E TRANFERÊNCIAS CONSTITUCIONAIS E LEGAIS - (III) = (I) + (II) | B41: =B21+B32 -> 688720000 | C41: =C21+C32 -> 760868000 | D41: =D21+D32 -> 6.0369867e+08 | E41: =IF(C41>0,D41/C41*100,0) -> 79.343417
A43: DESPESAS COM AÇÕES E SERVIÇOS PÚBLICOS DE SAÚDE (ASPS) – POR SUBFUNÇÃO E CATEGORIA ECONÔMICA | B43: DOTAÇÃO | C43: DOTAÇÃO | D43: DESPESAS EMPENHADAS | F43: DESPESAS LIQUIDADAS | H43: DESPESAS PAGAS | J43: Inscritas em Restos a Pagar não Processados7
A44: (Por Subfunção) | B44: INICIAL | C44: ATUALIZADA | D44: =CONCATENATE("Até o ", B13) -> Até o Bimestre | E44: % | F44: =CONCATENATE("Até o ", B13) -> Até o Bimestre | G44: % | H44: =CONCATENATE("Até o ", B13) -> Até o Bimestre | I44: %
C45: (c) | D45: (d) | E45: (d/c) x 100 | F45: (e) | G45: (e/c) x 100 | H45: (f) | I45: (f/c) x 100 | J45: (g)
A46: ATENÇÃO BÁSICA (IV) | B46: =SUM(B47:B48) -> 37427000 | C46: =SUM(C47:C48) -> 38299004 | D46: =SUM(D47:D48) -> 25929855 | E46: =IF(C46>0,D46/C46*100,0) -> 67.703732 | F46: =SUM(F47:F48) -> 24575102 | G46: =IF(C46>0,F46/C46*100,0) -> 64.166426 | H46: =SUM(H47:H48) -> 21717701 | I46: =IF(C46>0,H46/C46*100,0) -> 56.705654 | J46: =SUM(J47:J48) -> 0
A47: Despesas Correntes | B47: 37326000 | C47: 38198004 | D47: 25919265 | E47: =IF(C47>0,D47/C47*100,0) -> 67.855025 | F47: 24570127 | G47: =IF(C47>0,F47/C47*100,0) -> 64.323065 | H47: 21712726 | I47: =IF(C47>0,H47/C47*100,0) -> 56.842566
A48: Despesas de Capital | B48: 101000 | C48: 101000 | D48: 10590 | E48: =IF(C48>0,D48/C48*100,0) -> 10.485149 | F48: 4975 | G48: =IF(C48>0,F48/C48*100,0) -> 4.9257426 | H48: 4975 | I48: =IF(C48>0,H48/C48*100,0) -> 4.9257426
A49: ASSISTÊNCIA HOSPITALAR E AMBULATORIAL (V) | B49: =SUM(B50:B51) -> 115650000 | C49: =SUM(C50:C51) -> 1.6283591e+08 | D49: =SUM(D50:D51) -> 1.2003942e+08 | E49: =IF(C49>0,D49/C49*100,0) -> 73.718023 | F49: =SUM(F50:F51) -> 1.0046071e+08 | G49: =IF(C49>0,F49/C49*100,0) -> 61.694443 | H49: =SUM(H50:H51) -> 93892255 | I49: =IF(C49>0,H49/C49*100,0) -> 57.660656 | J49: =SUM(J50:J51) -> 0
A50: Despesas Correntes | B50: 115546000 | C50: 1.6189891e+08 | D50: 1.1989539e+08 | E50: =IF(C50>0,D50/C50*100,0) -> 74.05571 | F50: 1.0034499e+08 | G50: =IF(C50>0,F50/C50*100,0) -> 61.980028 | H50: 93811537 | I50: =IF(C50>0,H50/C50*100,0) -> 57.944513
A51: Despesas de Capital | B51: 104000 | C51: 937000 | D51: 144026.79 | E51: =IF(C51>0,D51/C51*100,0) -> 15.371055 | F51: 115717.94 | G51: =IF(C51>0,F51/C51*100,0) -> 12.349834 | H51: 80717.94 | I51: =IF(C51>0,H51/C51*100,0) -> 8.614508
A52: SUPORTE PROFILÁTICO E TERAPÊUTICO (VI) | B52: =SUM(B53:B54) -> 10804000 | C52: =SUM(C53:C54) -> 14428027 | D52: =SUM(D53:D54) -> 10434732 | E52: =IF(C52>0,D52/C52*100,0) -> 72.322651 | F52: =SUM(F53:F54) -> 9081763.5 | G52: =IF(C52>0,F52/C52*100,0) -> 62.945289 | H52: =SUM(H53:H54) -> 8031573.7 | I52: =IF(C52>0,H52/C52*100,0) -> 55.666471 | J52: =SUM(J53:J54) -> 0
A53: Despesas Correntes | B53: 10794000 | C53: 14358027 | D53: 10427542 | E53: =IF(C53>0,D53/C53*100,0) -> 72.625171 | F53: 9074573.5 | G53: =IF(C53>0,F53/C53*100,0) -> 63.202091 | H53: 8024383.7 | I53: =IF(C53>0,H53/C53*100,0) -> 55.887786
A54: Despesas de Capital | B54: 10000 | C54: 70000 | D54: 7190 | E54: =IF(C54>0,D54/C54*100,0) -> 10.271429 | F54: 7190 | G54: =IF(C54>0,F54/C54*100,0) -> 10.271429 | H54: 7190 | I54: =IF(C54>0,H54/C54*100,0) -> 10.271429
A55: VIGILÂNCIA SANITÁRIA (VII) | B55: =SUM(B56:B57) -> 1794000 | C55: =SUM(C56:C57) -> 1794000 | D55: =SUM(D56:D57) -> 741818.54 | E55: =IF(C55>0,D55/C55*100,0) -> 41.349974 | F55: =SUM(F56:F57) -> 731890.41 | G55: =IF(C55>0,F55/C55*100,0) -> 40.796567 | H55: =SUM(H56:H57) -> 687749.95 | I55: =IF(C55>0,H55/C55*100,0) -> 38.336118 | J55: =SUM(J56:J57) -> 0
A56: Despesas Correntes | B56: 1794000 | C56: 1794000 | D56: 741818.54 | E56: =IF(C56>0,D56/C56*100,0) -> 41.349974 | F56: 731890.41 | G56: =IF(C56>0,F56/C56*100,0) -> 40.796567 | H56: 687749.95 | I56: =IF(C56>0,H56/C56*100,0) -> 38.336118
A57: Despesas de Capital | E57: =IF(C57>0,D57/C57*100,0) -> 0 | G57: =IF(C57>0,F57/C57*100,0) -> 0 | I57: =IF(C57>0,H57/C57*100,0) -> 0
A58: VIGILÂNCIA EPIDEMIOLÓGICA (VIII) | B58: =SUM(B59:B60) -> 3588000 | C58: =SUM(C59:C60) -> 3728000 | D58: =SUM(D59:D60) -> 2489851.9 | E58: =IF(C58>0,D58/C58*100,0) -> 66.787873 | F58: =SUM(F59:F60) -> 2455822.7 | G58: =IF(C58>0,F58/C58*100,0) -> 65.875072 | H58: =SUM(H59:H60) -> 2159762.2 | I58: =IF(C58>0,H58/C58*100,0) -> 57.933537 | J58: =SUM(J59:J60) -> 0
A59: Despesas Correntes | B59: 3518000 | C59: 3648000 | D59: 2480674.6 | E59: =IF(C59>0,D59/C59*100,0) -> 68.000948 | F59: 2447294.3 | G59: =IF(C59>0,F59/C59*100,0) -> 67.085919 | H59: 2151233.9 | I59: =IF(C59>0,H59/C59*100,0) -> 58.970228
A60: Despesas de Capital | B60: 70000 | C60: 80000 | D60: 9177.35 | E60: =IF(C60>0,D60/C60*100,0) -> 11.471688 | F60: 8528.35 | G60: =IF(C60>0,F60/C60*100,0) -> 10.660438 | H60: 8528.35 | I60: =IF(C60>0,H60/C60*100,0) -> 10.660438
A61: ALIMENTAÇÃO E NUTRIÇÃO (IX) | B61: =SUM(B62:B63) -> 0 | C61: =SUM(C62:C63) -> 0 | D61: =SUM(D62:D63) -> 0 | E61: =IF(C61>0,D61/C61*100,0) -> 0 | F61: =SUM(F62:F63) -> 0 | G61: =IF(C61>0,F61/C61*100,0) -> 0 | H61: =SUM(H62:H63) -> 0 | I61: =IF(C61>0,H61/C61*100,0) -> 0 | J61: =SUM(J62:J63) -> 0
A62: Despesas Correntes | E62: =IF(C62>0,D62/C62*100,0) -> 0 | G62: =IF(C62>0,F62/C62*100,0) -> 0 | I62: =IF(C62>0,H62/C62*100,0) -> 0
A63: Despesas de Capital | E63: =IF(C63>0,D63/C63*100,0) -> 0 | G63: =IF(C63>0,F63/C63*100,0) -> 0 | I63: =IF(C63>0,H63/C63*100,0) -> 0
A64: OUTRAS SUBFUNÇÕES (X) | B64: =SUM(B65:B66) -> 17885500 | C64: =SUM(C65:C66) -> 18167440 | D64: =SUM(D65:D66) -> 12785859 | E64: =IF(C64>0,D64/C64*100,0) -> 70.377881 | F64: =SUM(F65:F66) -> 9426052.2 | G64: =IF(C64>0,F64/C64*100,0) -> 51.884316 | H64: =SUM(H65:H66) -> 8596227.8 | I64: =IF(C64>0,H64/C64*100,0) -> 47.31667 | J64: =SUM(J65:J66) -> 0
A65: Despesas Correntes | B65: 17805500 | C65: 17877440 | D65: 12757351 | E65: =IF(C65>0,D65/C65*100,0) -> 71.360056 | F65: 9398572.2 | G65: =IF(C65>0,F65/C65*100,0) -> 52.572248 | H65: 8568747.8 | I65: =IF(C65>0,H65/C65*100,0) -> 47.930507
A66: Despesas de Capital | B66: 80000 | C66: 290000 | D66: 28508 | E66: =IF(C66>0,D66/C66*100,0) -> 9.8303448 | F66: 27480 | G66: =IF(C66>0,F66/C66*100,0) -> 9.4758621 | H66: 27480 | I66: =IF(C66>0,H66/C66*100,0) -> 9.4758621
A67: TOTAL (XI) = (IV + V + VI + VII + VIII + IX + X) | B67: =B46+B49+B52+B55+B58+B61+B64 -> 187148500 | C67: =C46+C49+C52+C55+C58+C61+C64 -> 2.3925238e+08 | D67: =D46+D49+D52+D55+D58+D61+D64 -> 1.7242153e+08 | E67: =IF(C67>0,D67/C67*100,0) -> 72.066798 | F67: =F46+F49+F52+F55+F58+F61+F64 -> 1.4673134e+08 | G67: =IF(C67>0,F67/C67*100,0) -> 61.329102 | H67: =H46+H49+H52+H55+H58+H61+H64 -> 1.3508527e+08 | I67: =IF(C67>0,H67/C67*100,0) -> 56.46141 | J67: =J46+J49+J52+J55+J58+J61+J64 -> 0
A69: APURAÇÃO DO CUMPRIMENTO DO LIMITE MÍNIMO PARA APLICAÇÃO EM ASPS | B69: DESPESAS EMPENHADAS | C69: DESPESAS LIQUIDADAS | D69: DESPESAS PAGAS
B71: (d) | C71: (e) | D71: (f)
A72: Total das Despesas com ASPS (XII) = (XI) | B72: =D67 -> 1.7242153e+08 | C72: =F67 -> 1.4673134e+08 | D72: =H67 -> 1.3508527e+08
A73: (-) Restos a Pagar Não Processados Inscritos Indevidamente no Exercício sem Disponibilidade Financeira (XIII) | B73: =IF(E73-(D67-F67)+J67>0,E73-(D67-F67)+J67,0) -> 0 | C73: =B73-J67 -> 0 | E73: 25600533
A74: (-) Despesas Custeadas com Recursos Vinculados à Parcela do Percentual Mínimo que não foi Aplicada em ASPS em Exercícios Anteriores (XIV)
A75: (-) Despesas Custeadas com Disponibilidade de Caixa Vinculada aos Restos a Pagar Cancelados (XV)
A76: (=) VALOR APLICADO EM ASPS (XVI) = (XII - XIII - XIV - XV) | B76: =B72-B73-B74-B75 -> 1.7242153e+08 | C76: =C72-C73-C74-C75 -> 1.4673134e+08 | D76: =D72-D73-D74-D75 -> 1.3508527e+08
A77: Despesa Mínima a ser Aplicada em ASPS (XVII) = (III) x 15% (LC 141/2012) | B77: =ROUND(D41*15/100,2) -> 90554801 | C77: =ROUND(D41*15/100,2) -> 90554801 | D77: =ROUND(D41*15/100,2) -> 90554801
A78: Despesa Mínima a ser Aplicada em ASPS (XVII) = (III) x % (Lei Orgânica Municipal) | B78: =ROUND(D42*15/100,2) -> 0 | C78: =ROUND(D42*15/100,2) -> 0 | D78: =ROUND(D42*15/100,2) -> 0
A79: Diferença entre o Valor Aplicado e a Despesa Mínima a ser Aplicada (XVIII) = (XVI (d ou e) - XVII)1 | B79: =B76-B77 -> 81866732 | C79: =C76-C77 -> 56176539 | D79: =D76-D77 -> 44530468
A80: Limite não Cumprido (XIX) = (XVIII) (Quando valor for inferior a zero) | B80: =IF(B79<0,B79*-1*100,0) -> 0
A81: PERCENTUAL DA RECEITA DE IMPOSTOS E TRANSFERÊNCIAS CONSTITUCIONAIS E LEGAIS APLICADO EM ASPS (XVI / III)*100 (mínimo de 15% conforme LC n° 141/2012 ou % da Lei Orgânica Municipal) | B81: =IF(D41>0,B76/D41*100,0) -> 28.56086 | C81: =IF(D41>0,C76/D41*100,0) -> 24.305394 | D81: =IF(D41>0,D76/D41*100,0) -> 22.376274
A83: CONTROLE DO VALOR REFERENTE AO PERCENTUAL MÍNIMO NÃO CUMPRIDO EM EXERCÍCIOS ANTERIORES PARA FINS DE APLICAÇÃO DOS RECURSOS VINCULADOS CONFORME ARTIGOS 25 E 26 DA LC 141/2012 | B83: Saldo Inicial (no exercicio atual) | C83: Despesas Custeadas no Exercício de Referência | F83: Saldo Final (não aplicado)1
C84: Empenhadad | D84: Liquidadas | E84: Pagas
B85: (h) | C85: (i) | D85: (j) | E85: (k) | F85: (l) = (h - (i ou j))
A86: Diferença de limite não cumprido no exercício | F86: =B80 -> 0
A87: Diferença de limite não cumprido no exercício anterior
A88: Diferença de limite não cumprido em exercícios anteriores
A89: TOTAL DA DIFERENÇA DE LIMITE NÃO CUMPRIDO EM EXERCÍCIOS ANTERIORES (XX) | B89: =B87+B88 -> 0 | C89: =C87+C88 -> 0 | D89: =D87+D88 -> 0 | E89: =E87+E88 -> 0 | F89: =F87+F88 -> 0
A91: EXECUÇÃO DE RESTOS A PAGAR
A92: EXERÍCIO DO EMPENHO | B92: Valor Mínimo para aplicação em ASPS | C92: Valor aplicado em ASPS no exercício | D92: Valor aplicado além do limite mínimo | E92: Total inscrito em RP no exercício | F92: RPNP Inscritos Indevidamente no Exercício sem Disponibilidade Financeira | G92: Valor inscrito em RP considerado no Limite | H92: Total de RP pagos | I92: Total de RP a pagar | J92: Total de RP cancelados ou prescritos | K92: Diferença entre o valor aplicado além do limite e o total de RP cancelados
B93: (m) | C93: (n) | D93: (o) = (n - m) | E93: (p) | F93: q = (XIIId) | G93: (r) = (p - (o + q)) | H93: (s) | I93: (t) | J93: (u) | K93: (v) = ((o + q) - u))
A94: Inscritos em <Exercício de Referência> | B94: =B77 -> 90554801 | C94: =B76 -> 1.7242153e+08 | D94: =IF(B80>0,B80,0) -> 0 | E94: =D67-H67 -> 37336263 | F94: =B73 -> 0 | G94: =E94-D94-F94 -> 37336263 | I94: =E94 -> 37336263 | K94: =D94-J94 -> 0
A95: Inscritos em <Exercício de Referência - 1> | E95: 10353259 | G95: =E95-D95-F95 -> 10353259 | H95: 9640773.1 | I95: 22738.53 | J95: 647776.3 | K95: 0
A96: Inscritos em <Exercício de Referência - 2> | E96: 16057502 | G96: =E96-D96-F96 -> 16057502 | H96: 15534976 | I96: 2.910383e-10 | J96: 522525.82 | K96: 0
A97: Inscritos em <Exercício de Referência - 3> | E97: 17064177 | G97: =E97-D97-F97 -> 17064177 | H97: 16346975 | I97: -2.5611371e-09 | J97: 717201.45 | K97: 0
A98: Inscritos em <Exercício de Referência - 4> | E98: 13078634 | G98: =E98-D98-F98 -> 13078634 | H98: 12856051 | I98: 6.693881e-10 | J98: 222582.72 | K98: 0
A99: Inscritos em exercícios anteriores | E99: 13139553 | G99: =E99-D99-F99 -> 13139553 | H99: 12855575 | I99: -6.9849193e-10 | J99: 283977.78 | K99: 0
A101: TOTAL DOS RESTOS A PAGAR CANCELADOS OU PRESCRITOS ATÉ O FINAL DO EXERCÍCIO ATUAL QUE AFETARAM O CUMPRIMENTO DO LIMITE (XXI) | B101: 689747.73
A102: TOTAL DOS RESTOS A PAGAR CANCELADOS OU PRESCRITOS ATÉ O FINAL DO EXERCÍCIO ANTERIOR QUE AFETARAM O CUMPRIMENTO DO LIMITE (XXII)
A103: TOTAL DOS RESTOS A PAGAR CANCELADOS OU PRESCRITOS NO EXERCÍCIO ATUAL QUE AFETARAM O CUMPRIMENTO DO LIMITE (XXIII) = (XXI - XXII) | B103: =B101-B102 -> 689747.73
A109: CONTROLE DE RESTOS A PAGAR CANCELADOS OU PRESCRITOS CONSIDERADOS PARA FINS DE APLICAÇÃO DA DISPONIBILIDADE DE CAIXA CONFORME ARTIGO 24§ 1º e 2º DA LC 141/2012 | B109: Saldo Inicial (no exercicio atual) | C109: Despesas Custeadas no Exercício de Referência | F109: Saldo Final (não aplicado)1
C110: Empenhadad | D110: Liquidadas | E110: Pagas
B111: (W) | C111: (x) | D111: (y) | E111: (z) | F111: (aa) = (w - (x ou y))
A112: Restos a pagar cancelados ou prescritos em 2020 a serem compensados (XXIV) | F112: =B112-C112 -> 0
A113: Restos a pagar cancelados ou prescritos em 2019 a serem compensados (XXV) | F113: =B113-C113 -> 0
A114: Restos a pagar cancelados ou prescritos em exercícios anteriores a serem compensados (XXVI) | F114: =B114-C114 -> 0
A115: TOTAL DE RESTOS A PAGAR CANCELADOS OU PRESCRITOS A COMPENSAR (XXVII) | B115: =SUM(B112:B114) -> 0 | C115: =SUM(C112:C114) -> 0 | D115: =SUM(D112:D114) -> 0 | E115: =SUM(E112:E114) -> 0 | F115: =SUM(F112:F114) -> 0
A117: RECEITAS ADICIONAIS PARA O FINANCIAMENTO DA SAÚDE NÃO COMPUTADAS NO CÁLCULO DO MÍNIMO | B117: PREVISÃO | C117: PREVISÃO | D117: RECEITAS REALIZADAS
...

Sheet RREO-Anexo 13
A2: PREFEITURA MUNICIPAL DE INDAIATUBA
A3: Av. Eng. Fabio R. Barnabe, 2800 - Jd. Esplanada II
A4: C.N.P.J. 44.733.608/0001-09
A5: Telefone: (19) 3834-9000
A6: Tabela 13 - Demonstrativo das Parcerias Público Privadas
A8: PREFEITURA MUNICIPAL DE INDAIATUBA
A9: RELATÓRIO RESUMIDO DA EXECUÇÃO ORÇAMENTÁRIA
A10: DEMONSTRATIVO DAS PARCERIAS PÚBLICO-PRIVADAS
A11: ORÇAMENTOS FISCAL E DA SEGURIDADE SOCIAL
A12: EXERCÍCIO: 2021
A13: Período: 4º Bimestre | B13: =IF(IFERROR(SEARCH("SEMESTRE",A13,1),0)>0,"Semestre",IF(IFERROR(SEARCH("QUADRIMESTRE",A13,1),0)>0,"Quadrimestre",IF(IFERROR(SEARCH("TRIMESTRE",A13,1),0)>0,"Trimestre",IF(IFERROR(SEARCH("BIMESTRE",A13,1),0)>0,"Bimestre","Mês")))) -> Bimestre
A17: RREO - Anexo 13 (Lei nº 11.079, de 30.12.2004, arts. 22, 25 e 28) | D17: Em reais
A18: ESPECIFICAÇÃO | B18: SALDO | C18: REGISTROS EFETUADOS EM <EXERCÍCIO>
B19: DO EXERCÍCIO | C19: =CONCATENATE("No ", B13) -> No Bimestre | D19: =CONCATENATE("Até o ", B13) -> Até o Bimestre
B20: ANTERIOR
B21: (a) | D21: (b)
A22: TOTAL DE ATIVOS | B22: =B23 -> 0 | C22: =C23 -> 0 | D22: =D23 -> 0
A23: Ativos Constituídos pela SPE
A24: TOTAL DE PASSIVOS | B24: =SUM(B25:B27) -> 0 | C24: =SUM(C25:C27) -> 0 | D24: =SUM(D25:D27) -> 0
A25: Obrigações decorrentes de Ativos Constituídos pela SPE
A26: Provisões de PPP
A27: Outros Passivos
A28: ATOS POTENCIAIS PASSIVOS | B28: =SUM(B29:B32) -> 0 | C28: =SUM(C29:C32) -> 0 | D28: =SUM(D29:D32) -> 0
A29: Obrigações Contratuais
A30: Riscos não Provisionados
A31: Garantias Concedidas
A32: Outros Passivos Contingentes
B42: EXERCÍCIO | C42: EXERCÍCIO | D42: <EC + 1> | E42: <EC + 2> | F42: <EC + 3> | G42: <EC + 4> | H42: <EC + 5> | I42: <EC + 6> | J42: <EC + 7> | K42: <EC + 8> | L42: <EC + 9>
A43: DESPESAS DE PPP | B43: ANTERIOR | C43: CORRENTE
C44: (EC)
A45: DO ENTE FEDERADO, EXCETO ESTATAIS NÃO DEPENDENTES (I) = (I.1 + I.2) | B45: =B46+B52 -> 0 | C45: =C46+C52 -> 0 | D45: =D46+D52 -> 0 | E45: =E46+E52 -> 0 | F45: =F46+F52 -> 0 | G45: =G46+G52 -> 0 | H45: =H46+H52 -> 0 | I45: =I46+I52 -> 0 | ... L45: =L46+L52 -> 0
A46: Do Ente Federado, exceto estatais não dependentes - Contratadas (I.1)
A52: Do Ente Federado, exceto estatais não dependentes - A contratar (I.2)
A58: DAS ESTATAIS NÃO-DEPENDENTES (II) = (II.1 + II.2) | B58: =B59+B65 -> 0 | C58: =C59+C65 -> 0 | D58: =D59+D65 -> 0 | E58: =E59+E65 -> 0 | F58: =F59+F65 -> 0 | G58: =G59+G65 -> 0 | H58: =H59+H65 -> 0 | I58: =I59+I65 -> 0 | ... L58: =L59+L65 -> 0
A59: Das Estatais Não-Dependentes - Contratadas (II.1)
A65: Das Estatais Não-Dependentes - A contratar (II.2)
A71: TOTAL DAS DESPESAS DE PPP (III) = (I +II) | B71: =B45+B58 -> 0 | C71: =C45+C58 -> 0 | D71: =D45+D58 -> 0 | E71: =E45+E58 -> 0 | F71: =F45+F58 -> 0 | G71: =G45+G58 -> 0 | H71: =H45+H58 -> 0 | I71: =I45+I58 -> 0 | ... L71: =L45+L58 -> 0
A72: RECEITA CORRENTE LÍQUIDA (RCL) (IV)
A73: TOTAL DAS DESPESAS CONSIDERADAS PARA O LIMITE (I) | B73: =B45 -> 0 | C73: =C45 -> 0 | D73: =D45 -> 0 | E73: =E45 -> 0 | F73: =F45 -> 0 | G73: =G45 -> 0 | H73: =H45 -> 0 | I73: =I45 -> 0 | ... L73: =L45 -> 0
A74: TOTAL DAS DESPESAS CONSIDERADAS PARA O LIMITE / RCL (%) (V) = (I / IV) | B74: =IF(B72>0,B71/B72*100,0) -> 0 | C74: =IF(C72>0,C71/C72*100,0) -> 0 | D74: =IF(D72>0,D71/D72*100,0) -> 0 | E74: =IF(E72>0,E71/E72*100,0) -> 0 | F74: =IF(F72>0,F71/F72*100,0) -> 0 | G74: =IF(G72>0,G71/G72*100,0) -> 0 | H74: =IF(H72>0,H71/H72*100,0) -> 0 | I74: =IF(I72>0,I71/I72*100,0) -> 0 | ... L74: =IF(L72>0,L71/L72*100,0) -> 0
A75: FONTE: Sistema CECAM, Unidade Responsável: CONTABILIDADE. Emissão: 14/09/2021, às 08:30:55. Assinado Digitalmente no dia 14/09/2021, às 08:30:55.
A81: NILSON ALCIDES GASPAR | B81: MARIANA ALVES RIZATO | F81: LUIS HENRIQUE BORTOLETTO
A82: PREFEITO MUNICIPAL | B82: CONTADORA | F82: COORDENADOR DE SERVIÇOS DE CONTABILIDADE
B83: CRC-SP 321123/O-4 | F83: CRC-SP 289944/O-3

Sheet RREO-Anexo 14
A2: PREFEITURA MUNICIPAL DE INDAIATUBA
A3: Av. Eng. Fabio R. Barnabe, 2800 - Jd. Esplanada II
A4: C.N.P.J. 44.733.608/0001-09
A5: Telefone: (19) 3834-9000
A6: Tabela 14 - Demonstrativo Simplificado do Relatório Resumido da Execução Orçamentária
A8: PREFEITURA MUNICIPAL DE INDAIATUBA
A9: RELATÓRIO RESUMIDO DA EXECUÇÃO ORÇAMENTÁRIA
A10: DEMONSTRATIVO SIMPLIFICADO DO RELATÓRIO RESUMIDO DA EXECUÇÃO ORÇAMENTÁRIA
A11: ORÇAMENTOS FISCAL E DA SEGURIDADE SOCIAL
A12: EXERCÍCIO: 2021
A13: Período: 4º Bimestre | B13: =IF(IFERROR(SEARCH("SEMESTRE",A13,1),0)>0,"Semestre",IF(IFERROR(SEARCH("QUADRIMESTRE",A13,1),0)>0,"Quadrimestre",IF(IFERROR(SEARCH("TRIMESTRE",A13,1),0)>0,"Trimestre",IF(IFERROR(SEARCH("BIMESTRE",A13,1),0)>0,"Bimestre","Mês")))) -> Bimestre
A19: RREO - Anexo XVIII (LRF, Art. 48) | B19: Em Reais
A20: BALANÇO ORÇAMENTÁRIO | B20: =CONCATENATE("Até o ", B13) -> Até o Bimestre
A21: RECEITAS
A22: Previsão Inicial | B22: ='RREO-Anexo 01'!B95 -> 1200000000
A23: Previsão Atualizada | B23: ='RREO-Anexo 01'!C95 -> 1.3146136e+09
A24: Receitas Realizadas | B24: ='RREO-Anexo 01'!F95 -> 9.8809074e+08
A25: Déficit Orçamentário | B25: ='RREO-Anexo 01'!F96 -> 0
A26: Saldos de Exercícios Anteriores (Utilizados para Créditos Adicionais) | B26: ='RREO-Anexo 01'!F98 -> 1.4937098e+08
A27: DESPESAS
A28: Dotação Inicial | B28: ='RREO-Anexo 01'!B128 -> 1174530000
A29: Dotação Atualizada | B29: ='RREO-Anexo 01'!C128 -> 1.4385146e+09
A30: Despesas Empenhadas | B30: ='RREO-Anexo 01'!E128 -> 9.8416454e+08
A31: Despesas Liquidadas | B31: ='RREO-Anexo 01'!H128 -> 7.6629739e+08
A32: Despesas Pagas | B32: ='RREO-Anexo 01'!J128 -> 6.9981206e+08
A33: Superávit Orçamentário | B33: =IF(A13="Período: 6º Bimestre",'RREO-Anexo 01'!E129,'RREO-Anexo 01'!H129) -> 2.2179336e+08
A41: DESPESAS POR FUNÇÃO/SUBFUNÇÃO | B41: =CONCATENATE("Até o ", B13) -> Até o Bimestre
A42: Despesas Empenhadas | B42: ='RREO-Anexo 02'!E214 -> 9.8416454e+08
A43: Despesas Liquidadas | B43: ='RREO-Anexo 02'!I214 -> 7.6629739e+08
A51: RECEITA CORRENTE LÍQUIDA - RCL | B51: =CONCATENATE("Até o ", B13) -> Até o Bimestre
A52: Receita Corrente Líquida | B52: ='RREO-Anexo 03'!N50 -> 1.2970098e+09
A53: Receita Corrente Líquida Ajustada para Cálculo dos Limites de Endividamento | B53: ='RREO-Anexo 03'!N52 -> 1.2950092e+09
A54: Receita Corrente Líquida Ajustada para Cálculo dos Limites da Despesa com Pessoal | B54: ='RREO-Anexo 03'!N54 -> 1.2950092e+09
A66: RECEITAS E DESPESAS DOS REGIMES DE PREVIDÊNCIA | B66: =CONCATENATE("Até o ", B13) -> Até o Bimestre
A67: Regime Próprio de Previdência dos Servidores - PLANO PREVIDENCIÁRIO
A68: Receitas Previdenciárias Realizadas | B68: ='RREO-Anexo 04'!C43 -> 67667166
A69: Despesas Previdenciárias Empenhadas | B69: ='RREO-Anexo 04'!C58 -> 57202673
A70: Despesas Previdenciárias Liquidadas | B70: ='RREO-Anexo 04'!D58 -> 56971106
A71: Resultado Previdenciário | B71: ='RREO-Anexo 04'!D59 -> 10696060
A72: Regime Próprio de Previdência dos Servidores - PLANO FINANCEIRO
A73: Receitas Previdenciárias Realizadas | B73: ='RREO-Anexo 04'!C131 -> 0
A74: Despesas Previdenciárias Empenhadas | B74: ='RREO-Anexo 04'!C146 -> 0
A75: Despesas Previdenciárias Liquidadas | B75: ='RREO-Anexo 04'!D146 -> 0
A76: Resultado Previdenciário | B76: ='RREO-Anexo 04'!C147 -> 0
B81: Meta Fixada no | C81: Resultado Apurado | D81: % em Relação à Meta
A82: RESULTADOS NOMINAL E PRIMÁRIO | B82: Anexo de Metas | C82: =CONCATENATE("Até o ", B13) -> Até o Bimestre
B83: Fiscais da LDO
B84: (a) | C84: (b) | D84: (b/a)
A85: Resultado Primário - Acima da Linha | B85: ='RREO-Anexo 06'!B104 -> 18726000 | C85: ='RREO-Anexo 06'!B95 -> 197918029 | D85: =IF(B85>0,C85/B85,0) -> 10.569157
A86: Resultado Nominal - Acima da Linha | B86: ='RREO-Anexo 06'!B132 -> 0 | C86: ='RREO-Anexo 06'!B123 -> 2.8943802e+08 | D86: =IF(B86>0,C86/B86,0) -> 0
A93: RESTOS A PAGAR A PAGAR POR PODER E MINISTÉRIO PÚBLICO | B93: Inscrição | C93: Cancelamento | D93: Pagamento | E93: Saldo
C94: =CONCATENATE("Até o ", B13) -> Até o Bimestre | D94: =CONCATENATE("Até o ", B13) -> Até o Bimestre | E94: a Pagar
A95: RESTOS A PAGAR PROCESSADOS | B95: =SUM(B96) -> 15437842 | C95: =SUM(C96) -> 3478.66 | D95: =SUM(D96) -> 15293650 | E95: =SUM(E96) -> 140713.38
A96: Poder Executivo | B96: ='RREO-Anexo 07'!B24+'RREO-Anexo 07'!C24+'RREO-Anexo 07'!B41+'RREO-Anexo 07'!C41 -> 15437842 | C96: ='RREO-Anexo 07'!E24+'RREO-Anexo 07'!E41 -> 3478.66 | D96: ='RREO-Anexo 07'!D24+'RREO-Anexo 07'!D41 -> 15293650 | E96: ='RREO-Anexo 07'!F24+'RREO-Anexo 07'!F41 -> 140713.38
A97: Poder Legislativo | B97: ='RREO-Anexo 07'!B25+'RREO-Anexo 07'!C25+'RREO-Anexo 07'!B42+'RREO-Anexo 07'!C42 -> 0 | C97: ='RREO-Anexo 07'!E25+'RREO-Anexo 07'!E42 -> 0 | D97: ='RREO-Anexo 07'!D25+'RREO-Anexo 07'!D42 -> 0 | E97: ='RREO-Anexo 07'!F25+'RREO-Anexo 07'!F42 -> 0
A98: Poder Judiciário
A99: Ministério Público
A100: Defensoria Pública
A101: RESTOS A PAGAR NÃO-PROCESSADOS | B101: =SUM(B102:B103) -> 70894129 | C101: =SUM(C102:C103) -> 11679035 | D101: =SUM(D102:D103) -> 57565796 | E101: =SUM(E102:E103) -> 1649298.6
A102: Poder Executivo | B102: ='RREO-Anexo 07'!G24+'RREO-Anexo 07'!H24+'RREO-Anexo 07'!G41+'RREO-Anexo 07'!H41 -> 69367864 | C102: ='RREO-Anexo 07'!K24+'RREO-Anexo 07'!K41 -> 11658191 | D102: ='RREO-Anexo 07'!J24+'RREO-Anexo 07'!J41 -> 56491544 | E102: ='RREO-Anexo 07'!L24+'RREO-Anexo 07'!L41 -> 1218129.7
A103: Poder Legislativo | B103: ='RREO-Anexo 07'!G25+'RREO-Anexo 07'!H25+'RREO-Anexo 07'!G42+'RREO-Anexo 07'!H42 -> 1526265 | C103: ='RREO-Anexo 07'!K25+'RREO-Anexo 07'!K42 -> 20843.82 | D103: ='RREO-Anexo 07'!J25+'RREO-Anexo 07'!J42 -> 1074252.3 | E103: ='RREO-Anexo 07'!L25+'RREO-Anexo 07'!L42 -> 431168.9
A104: Poder Judiciário
A105: Ministério Público
A106: Defensoria Pública
A107: TOTAL | B107: =B95+B101 -> 86331971 | C107: =C95+C101 -> 11682514 | D107: =D95+D101 -> 72859446 | E107: =E95+E101 -> 1790012
B114: Valor Apurado | C114: Limites Constitucionais Anuais
A115: DESPESAS COM MANUTENÇÃO E DESENVOLVIMENTO DO ENSINO | B115: Até o Bimestre | C115: % Mínimo a | D115: % Aplicado
C116: Aplicar no Exercício | D116: =CONCATENATE("Até o ", B13) -> Até o Bimestre
A117: Mínimo Anual de <18% / 25%> das Receitas de Impostos na Manutenção e Desenvolvimento do Ensino | B117: ='RREO-Anexo 08'!B135 -> 1.5177678e+08 | C117: 25 | D117: ='RREO-Anexo 08'!D135 -> 20.205292
A118: Mínimo Anual de 70% do FUNDEB na Remuneração dos Profissionais da Educação Básica | B118: ='RREO-Anexo 08'!B98 -> 70730487 | C118: 70 | D118: ='RREO-Anexo 08'!E98 -> 58.401151
A119: Percentual de 50% da Complementação da União ao FUNDEB (VAAT) na Educação Infantil | B119: ='RREO-Anexo 08'!B99 -> 0 | C119: 50 | D119: ='RREO-Anexo 08'!E99 -> 0
A120: Mínimo de 15% da Complementação da União ao FUNDEB (VAAT) em Despesas de Capital | B120: ='RREO-Anexo 08'!B100 -> 0 | C120: 15 | D120: ='RREO-Anexo 08'!E100 -> 0
A128: RECEITAS DE OPERAÇÕES DE CRÉDITO E DESPESAS DE CAPITAL | B128: Valor Apurado Até o Bimestre | C128: Saldo não realizado
A129: Receita de Operação de Crédito | B129: ='RREO-Anexo 09'!C20 -> 0 | C129: ='RREO-Anexo 09'!D20 -> 0
A130: Despesa de Capital Líquida | B130: ='RREO-Anexo 09'!C31 -> 0 | C130: ='RREO-Anexo 09'!D31 -> 0
A139: PROJEÇÃO ATUARIAL DOS REGIMES DE PREVIDÊNCIA | B139: Exercício | C139: 10º Exercício | D139: 20º Exercício | E139: 35º Exercício
A140: Plano Previdênciário
A141: Receitas Previdenciárias | B141: ='RREO-Anexo 10'!B22 -> 0 | C141: ='RREO-Anexo 10'!B31 -> 0 | D141: ='RREO-Anexo 10'!B41 -> 0 | E141: ='RREO-Anexo 10'!B56 -> 0
A142: Despesas Previdenciárias | B142: ='RREO-Anexo 10'!C22 -> 0 | C142: ='RREO-Anexo 10'!C31 -> 0 | D142: ='RREO-Anexo 10'!C41 -> 0 | E142: ='RREO-Anexo 10'!C56 -> 0
A143: Resultado Previdenciário | B143: ='RREO-Anexo 10'!D22 -> 0 | C143: ='RREO-Anexo 10'!D31 -> 0 | D143: ='RREO-Anexo 10'!D41 -> 0 | E143: ='RREO-Anexo 10'!D56 -> 0
A144: Plano Financeiro
A145: Receitas Previdenciárias | B145: ='RREO-Anexo 10'!B113 -> 0 | C145: ='RREO-Anexo 10'!B122 -> 0 | D145: ='RREO-Anexo 10'!B132 -> 0 | E145: ='RREO-Anexo 10'!B147 -> 0
A146: Despesas Previdenciárias | B146: ='RREO-Anexo 10'!C113 -> 0 | C146: ='RREO-Anexo 10'!C122 -> 0 | D146: ='RREO-Anexo 10'!C132 -> 0 | E146: ='RREO-Anexo 10'!C147 -> 0
A147: Resultado Previdenciário | B147: ='RREO-Anexo 10'!D113 -> 0 | C147: ='RREO-Anexo 10'!D122 -> 0 | D147: ='RREO-Anexo 10'!D132 -> 0 | E147: ='RREO-Anexo 10'!D147 -> 0
A155: RECEITA DA ALIENAÇÃO DE ATIVOS E APLICAÇÃO DOS RECURSOS | B155: Valor Apurado Até o Bimestre | C155: Saldo a Realizar
A156: Receita de Capital Resultante da Alienação de Ativos | B156: ='RREO-Anexo 11'!C20 -> 0 | C156: ='RREO-Anexo 11'!D20 -> 0
A157: Aplicação dos Recursos da Alienação de Ativos | B157: ='RREO-Anexo 11'!C29 -> 0 | C157: ='RREO-Anexo 11'!H29 -> 0
B164: Valor apurado | C164: Limite Constitucional Anual
A165: DESPESAS COM AÇÕES E SERVIÇOS PÚBLICOS DE SAÚDE | B165: Até o Bimestre | C165: % Mínimo a | D165: % Aplicado
C166: Aplicar no Exercício | D166: =IF(IFERROR(FIND("TRIMESTRE",A13,1),0)>0,"Até o Trimestre",IF(IFERROR(FIND("BIMESTRE",A13,1),0)>0,"Até o Bimestre","Até o Mês")) -> Até o Mês
A167: Despesas com Ações e Serviços Públicos de Saúde executadas com recursos de impostos | B167: ='RREO-Anexo 12'!B76 -> 1.7242153e+08 | C167: 15 | D167: ='RREO-Anexo 12'!B81 -> 28.56086
A175: DESPESAS DE CARÁTER CONTINUADO DERIVADAS DE PPP | B175: Valor Apurado no Exercício Corrente
A176: Total das Despesas Consideradas para o Limite / RCL (%) | B176: ='RREO-Anexo 13'!C74 -> 0
A177: FONTE: Sistema CECAM, Unidade Responsável: CONTABILIDADE. Emissão: 14/09/2021, às 08:30:55. Assinado Digitalmente no dia 14/09/2021, às 08:30:55.
A181: NILSON ALCIDES GASPAR | B181: MARIANA ALVES RIZATO
A182: PREFEITO MUNICIPAL | B182: CONTADORA
B183: CRC - SP 321123/O-4
A185: LUIS HENRIQUE BORTOLETTO
A186: COORDENADOR DE SERVIÇOS DE CONTABILIDADE
A187: CRC-SP 289944/O-3
